Cogmind - Beta 13 @@@ ROGUE MODE // 2024.04.17 @ 11:24:40 Player: Darby Result: Destroyed by H-81 Overseer with Heavy Linear Accelerator Performance ------------- Evolutions (8) 4000 Regions Visited (34) 6800 Robots Destroyed (302) 1510 Value Destroyed (6897) 6897 Prototype IDs (88) 1760 Alien Tech Used (6) 1200 Bonus (14880) 14880 TOTAL SCORE: 37047 Bonus ------- Triggered Max Security 3000 High Alert Combat Kills 1088 Follower Combat Kills 2576 Entered Garrisons 800 Used RIF Installer 1500 Aligned with FarCom 300 Met Data Miner 300 Met Zhirov 300 Built Enhanced Grunts 300 A7 Reached Mainframe 300 Met R17 at Cetus 500 Met R17 at Research 2000 Acquired SGEMP 2000 Friendly Fire -84 Cogmind --------- Core Integrity 0/1450 Matter 299/300 Energy 100/100 System Corruption 0% Temperature Cool (0) Movement Core (50) Location -2/Section 7 Parts ------- > --- POWER (2) -------- (None) > --- PROPULSION (7) --- (None) > --- UTILITY (13) ----- Relay Coupler [Grunt] (23) Relay Coupler [Sentry] (13) Relay Coupler [Proto] (1) > --- WEAPON (2) ------- (None) > --- INVENTORY (5) ---- Medium Storage Unit Improved Potential Cannon SGEMP Prototype Peak State ------------ > --- POWER ------------ Light Antimatter Reactor > --- PROPULSION ------- Diametric Drive Q-thruster Q-thruster Cooled Impulse Thruster Impulse Thruster Array > --- UTILITY ---------- Medium Storage Unit Structural Scanner Machine Analyzer Experimental Optical Array Phase Armor Improved Hacking Suite Relay Coupler [NC] Relay Coupler [Grunt] Relay Coupler [Sentry] Relay Coupler [Hunter] Relay Coupler [Heavy] Relay Coupler [Proto] > --- WEAPON ----------- Phasing Sabre > --- INVENTORY -------- Transdimensional Reconstructor Core Expander Integrity Redistributor Improved Potential Cannon SGEMP Prototype [Rating: 145] Favorites ----------- Power Light Nuclear Core Engine Heavy Ion Engine Power Core Light Nuclear Core Reactor Light Antimatter Reactor Propulsion Improved Cesium-ion Thruster Treads Improved Treads Leg Aluminum Leg Wheel Armored Wheel Hover Unit Improved Hover Unit Flight Unit Improved Cesium-ion Thruster Utility Huge Storage Unit Device Structural Scanner Storage Huge Storage Unit Processor Advanced Signal Interpreter Hackware Relay Coupler [Grunt] Protection Improved Light Armor Plating Artifact Phase Armor Weapon Longsword +1 Energy Gun Improved Medium Laser Energy Cannon Improved Potential Cannon Ballistic Gun Assault Rifle Ballistic Cannon Assault Cannon Launcher Rocket Launcher Special Weapon Remote Datajack Impact Weapon Heavy Flail Slashing Weapon Longsword +1 Special Melee Weapon Datajack Build | -11 -10 -10 -9 -9 -9 -8 -8 -8 -8 -8 -7 -7 -7 -7 -6 -6 -6 -6 -6 -5 -5 -5 -5 -4 -4 -4 -4 -4 -4 -3 -3 -2 -2 -2 ------- Run | Yrd Mat Min Mat Min Exi Min Mat Gar Mat Gar Fac Low Low Dat Pro Fac Gar Fac Gar Fac Upp Upp Zhi Pro Fac Ext Cet Arc Hub Res Tes Res Qua Sec Slots Evolved 16 | . . . 2 . . . 2 . . . 2 . . . . 2 . . . 2 . . . . 2 . . . . 2 . 2 . . Power 1 | . . . . . . . . . . . . . . . . . . . . 1 . . . . . . . . . . . . . . Propulsion 4 | . . . . . . . 2 . . . 1 . . . . . . . . 1 . . . . . . . . . . . . . . Utility 11 | . . . 2 . . . . . . . 1 . . . . 2 . . . . . . . . 2 . . . . 2 . 2 . . Weapon . | . . . . . . . . . . . . . . . . . . . . . . . . . . . . . . . . . . . Parts Attached 341 | 7 11 4 43 2 1 4 15 30 10 19 17 5 . . 5 19 21 5 10 14 9 1 7 . 9 16 5 4 4 32 2 5 2 3 Power 19 | 1 2 2 3 . . . 1 . . 1 . . . . . 1 2 . . 1 2 . . . . 1 . . . 1 . 1 . . Engine 9 | 1 1 2 3 . . . . . . . . . . . . . . . . . 2 . . . . . . . . . . . . . Core 7 | . 1 . . . . . 1 . . 1 . . . . . 1 2 . . 1 . . . . . . . . . . . . . . Reactor 3 | . . . . . . . . . . . . . . . . . . . . . . . . . . 1 . . . 1 . 1 . . Propulsion 92 | 2 5 . 16 . . 1 3 2 3 4 9 1 . . 1 7 1 3 . 3 1 1 . . 3 6 . . 1 17 1 . . 1 Treads 16 | . 1 . 8 . . . 3 . 3 1 . . . . . . . . . . . . . . . . . . . . . . . . Leg 4 | 2 . . 2 . . . . . . . . . . . . . . . . . . . . . . . . . . . . . . . Wheel 16 | . 4 . 6 . . 1 . 2 . 3 . . . . . . . . . . . . . . . . . . . . . . . . Hover 9 | . . . . . . . . . . . . . . . . . . . . 1 . 1 . . . 3 . . . 4 . . . . Flight 47 | . . . . . . . . . . . 9 1 . . 1 7 1 3 . 2 1 . . . 3 3 . . 1 13 1 . . 1 Utility 142 | 2 2 . 10 1 . 1 7 7 6 8 6 4 . . 4 6 11 2 8 5 6 . 7 . 2 7 3 4 2 13 1 4 2 1 Device 70 | 2 1 . 3 1 . 1 2 . 2 4 3 3 . . 2 1 5 1 7 3 6 . 4 . 2 5 1 1 1 7 . 1 1 . Storage 4 | . 1 . . . . . . . 1 . 1 . . . . . . . . . . . . . . . . . . 1 . . . . Processor 10 | . . . 1 . . . . 1 . . . 1 . . 1 3 . . . . . . . . . . . . . 2 . . 1 . Hackware 33 | . . . . . . . . 5 3 1 2 . . . 1 . 4 1 1 2 . . 2 . . . . 3 1 3 1 3 . . Protection 24 | . . . 6 . . . 5 1 . 3 . . . . . 2 2 . . . . . 1 . . 2 2 . . . . . . . Artifact 1 | . . . . . . . . . . . . . . . . . . . . . . . . . . . . . . . . . . 1 Weapon 88 | 2 2 2 14 1 1 2 4 21 1 6 2 . . . . 5 7 . 2 5 . . . . 4 2 2 . 1 1 . . . 1 Energy Gun 8 | . . . 6 . . 1 . . . . . . . . . . . . . . . . . . . . 1 . . . . . . . Energy Cannon 1 | . . . . . . . . . . . . . . . . . . . . . . . . . . . . . . . . . . 1 Ballistic Gun 13 | 2 2 1 4 . . . 1 2 . . . . . . . . . . . . . . . . . . 1 . . . . . . . Ballistic Cannon 9 | . . . . . . . 1 3 . 1 . . . . . 2 . . . . . . . . 2 . . . . . . . . . Launcher 12 | . . 1 4 . . 1 . . . 1 . . . . . 1 3 . 1 . . . . . . . . . . . . . . . Special Weapon 17 | . . . . . . . . 4 . 2 1 . . . . . 2 . 1 2 . . . . 2 1 . . 1 1 . . . . Impact Weapon 2 | . . . . . . . . . . . . . . . . . . . . 2 . . . . . . . . . . . . . . Slashing Weapon 21 | . . . . 1 . . 2 8 1 2 1 . . . . 2 2 . . 1 . . . . . 1 . . . . . . . . Piercing Weapon . | . . . . . . . . . . . . . . . . . . . . . . . . . . . . . . . . . . . Special Melee Weapon 5 | . . . . . 1 . . 4 . . . . . . . . . . . . . . . . . . . . . . . . . . Unidentified Prototypes 16 | . . . . . . . . . . . 1 . . . . 1 . . . 2 . . 3 . . . 2 . . . 1 . 1 5 Corrupted Parts 1 | . . . . . . . . . . . . . . . . . 1 . . . . . . . . . . . . . . . . . System Corruption 10 | . . . . . . . . . . . . . . . . . 10 . . . . . . . . . . . . . . . . . Parts Lost 67 | . 3 . 15 . . . . 2 . 7 . . . . . . 3 . 8 1 . . . . 2 6 1 . 1 2 1 . . 15 Power 10 | . 2 . 3 . . . . . . 1 . . . . . . 1 . 1 . . . . . . 1 . . . . . . . 1 Propulsion 25 | . . . 5 . . . . 2 . 3 . . . . . . . . 3 1 . . . . 2 3 . . 1 . . . . 5 Utility 22 | . 1 . 4 . . . . . . 1 . . . . . . 1 . 1 . . . . . . 2 1 . . 2 1 . . 8 Weapon 10 | . . . 3 . . . . . . 2 . . . . . . 1 . 3 . . . . . . . . . . . . . . 1 Highest Loss Streak 8 | . 2 . 4 . . . . 1 . 4 . . . . . . 2 . 7 1 . . . . 2 3 1 . 1 1 1 . . 8 To Critical Strikes 1 | . . . . . . . . . . . . . . . . . . . . . . . . . . 1 . . . . . . . . Average Slot Usage (%) 90 | . 98 100 98 100 99 100 96 98 95 94 94 100 100 100 100 100 90 96 73 50 70 86 87 88 84 70 74 77 77 82 95 92 95 70 Engine 4 | . 12 14 11 11 11 11 . . . . . . . . . . . . . . . 5 5 5 5 1 . . . . . . . . Core 2 | . 1 . . . . . 8 9 9 8 7 7 7 7 7 6 5 6 3 . . . . . . . . . . . . . . . Treads 8 | . 9 14 11 11 11 11 23 20 15 20 . . . . . . . . . . . . . . . . . . . . . . . . Wheel 6 | . 12 14 10 11 11 11 9 13 18 14 . . . . . . . . . . . . . . . . . . . . . . . . Flight 10 | . . . . . . . . . . . 37 38 38 38 38 33 33 33 24 11 17 23 23 23 25 14 26 26 20 20 28 26 26 16 Device 9 | . 16 14 11 11 11 11 9 1 4 4 10 15 15 15 15 12 4 6 4 5 10 11 7 11 17 12 5 . 5 15 22 16 13 7 Storage 8 | . 11 14 11 11 11 11 9 9 9 9 7 7 7 7 7 6 6 6 6 5 5 5 5 5 5 5 5 5 5 3 4 4 4 3 Processor 8 | . . . 11 11 11 11 9 16 11 9 7 7 7 7 7 14 12 6 6 5 5 5 5 5 5 5 5 5 5 9 9 8 8 7 Hackware 7 | . . . . . . . . 7 9 5 11 7 7 7 7 5 13 22 19 13 17 17 19 17 15 12 10 25 26 17 15 24 30 26 Protection 4 | . . . 8 11 11 11 9 1 . 7 . . . . . 6 1 . . . . . . . . 4 10 5 5 1 . . . . Energy Gun 2 | . . . 11 11 . 9 . . . . . . . . . . . . . . . . . . . . . 5 3 . . . . . Ballistic Gun 4 | . 28 27 9 . . . 9 3 . . . . . . . . . . . . . . . . . . 2 . . . . . . . Special Weapon 1 | . . . . . . . . 1 2 3 4 7 7 7 7 6 4 6 3 1 5 5 5 5 2 1 1 . 1 4 4 4 4 . Slashing Weapon 4 | . . . . 10 11 11 8 3 6 8 5 7 7 7 7 5 5 6 3 2 5 5 5 5 5 5 5 5 5 4 4 4 4 2 Naked Turns . | . . . . . . . . . . . . . . . . . . . . . . . . . . . . . . . . . . . Heaviest Build 102 | 8 90 90 102 98 97 98 99 102 90 97 22 25 23 23 23 30 33 22 33 19 22 22 22 22 25 39 51 31 29 40 39 38 34 34 Greatest Support 63 | 20 20 10 46 10 10 16 43 63 24 60 24 28 28 28 30 32 30 30 30 18 22 22 22 22 39 39 32 32 39 46 48 45 48 49 Greatest Overweight (x) 10 | . 8 8 10 9 9 9 6 7 3 7 1 . . . . . 1 . 3 3 7 . . . . 1 1 . . 3 . . . . Average Overweight (x) 1 | . 5 8 7 9 9 8 5 3 3 3 . . . . . . . . . . . . . . . . . . . . . . . . Largest Inventory Capacity 25 | 5 25 25 25 25 25 25 25 25 25 25 25 10 10 10 10 10 10 10 10 10 10 10 10 10 10 10 10 10 10 10 10 10 10 10 Average Capacity 18 | 5 20 25 25 25 25 25 25 25 25 25 10 10 10 10 10 10 10 10 10 10 10 10 10 10 10 10 10 10 10 9 10 10 10 9 Most Carried 25 | 5 25 25 25 25 25 25 25 25 25 25 25 10 10 10 10 10 10 10 10 10 10 10 10 10 10 10 10 10 10 10 10 10 10 10 Average Carried 17 | 3 15 24 24 24 24 25 24 24 24 24 10 8 9 10 9 9 9 9 8 9 9 9 9 10 9 8 9 10 9 9 9 9 9 8 Final Capacity 25 | 5 25 25 25 25 25 25 25 25 25 25 10 10 10 10 10 10 10 10 10 10 10 10 10 10 10 10 10 10 10 10 10 10 10 5 Final Carried 25 | 4 25 25 25 25 25 25 25 25 25 25 10 9 10 10 10 10 10 10 8 10 9 10 10 10 10 10 10 10 10 10 10 10 10 5 Class Distribution -------------------- 25% | Mutant 18% | Scavenger-Mutant 10% | Scavenger-Assassin 7% | Bothacker-Scout 5% | Scavenger-Sprinter 4% | Bothacker-Ninja 4% | Bothacker-Assassin 4% | Trapper-Scout 4% | Bothacker-Mutant 3% | Bothacker-Sprinter Dominant Class ---------------- Scavenger-Mutant | -10/Materials Scavenger-Mutant | -10/Mines Mutant | -9/Materials Scavenger-Mutant | -9/Mines Scavenger-Mutant | -9/Exiles Scavenger-Assassin | -8/Mines Scavenger-Assassin | -8/Materials Bothacker-Assassin | -8/Garrison Bothacker-Assassin | -8/Materials Scavenger-Mutant | -8/Garrison Bothacker-Scout | -7/Factory Bothacker-Scout | -7/Lower Caves Bothacker-Scout | -7/Lower Caves Bothacker-Scout | -7/Data Miner Bothacker-Scout | -6/Proximity Caves Bothacker-Scout | -6/Factory Sprinter | -6/Garrison Bothacker-Sprinter | -6/Factory Mutant | -6/Garrison Bothacker-Sprinter | -5/Factory Trapper-Assassin | -5/Upper Caves Trapper-Scout | -5/Upper Caves Hacker-Sprinter | -5/Zhirov Trapper-Scout | -4/Proximity Caves Trapper-Scout | -4/Factory Mutant | -4/Extension Commander-Mutant | -4/Cetus Scavenger-Sprinter | -4/Archives Scavenger-Sprinter | -4/Hub_04(d) Bothacker-Ninja | -3/Research Bothacker-Ninja | -3/Testing Bothacker-Ninja | -2/Research Bothacker-Ninja | -2/Quarantine Scavenger-Ninja | -2/Section 7 Resources | -11 -10 -10 -9 -9 -9 -8 -8 -8 -8 -8 -7 -7 -7 -7 -6 -6 -6 -6 -6 -5 -5 -5 -5 -4 -4 -4 -4 -4 -4 -3 -3 -2 -2 -2 ----------- Run | Yrd Mat Min Mat Min Exi Min Mat Gar Mat Gar Fac Low Low Dat Pro Fac Gar Fac Gar Fac Upp Upp Zhi Pro Fac Ext Cet Arc Hub Res Tes Res Qua Sec Matter Collected 7300 | 306 709 150 1754 34 . 140 177 341 130 193 150 41 76 . 100 507 753 25 59 398 65 40 35 32 173 145 92 50 49 357 8 23 20 168 Remotely . | . . . . . . . . . . . . . . . . . . . . . . . . . . . . . . . . . . . Salvage Created 12396 | 83 1316 405 4741 12 . 154 121 749 213 875 28 . . . . 775 835 102 218 501 33 . 35 . 347 277 . 297 . 256 . 23 . . Parts 718 | 10 94 33 313 3 . 10 18 37 8 23 4 . . . . 38 24 4 11 35 . . . . 10 10 . 19 . 12 . 2 . . Haulers Intercepted 11 | . 1 . 5 . . . . . . . . . . . . . . 1 . 2 . . . . 1 . . . . 1 . . . . Recyclers Shooed 18 | . 7 2 7 . . 1 . . . . . . . . . 1 . . . . . . . . . . . . . . . . . . Parts Field Recycled . | . . . . . . . . . . . . . . . . . . . . . . . . . . . . . . . . . . . Retrieved Matter . | . . . . . . . . . . . . . . . . . . . . . . . . . . . . . . . . . . . Parts Self-Destructed 4 | . . . . . . . . . . . . . 4 . . . . . . . . . . . . . . . . . . . . . Prevented . | . . . . . . . . . . . . . . . . . . . . . . . . . . . . . . . . . . . Kills | -11 -10 -10 -9 -9 -9 -8 -8 -8 -8 -8 -7 -7 -7 -7 -6 -6 -6 -6 -6 -5 -5 -5 -5 -4 -4 -4 -4 -4 -4 -3 -3 -2 -2 -2 ------- Run | Yrd Mat Min Mat Min Exi Min Mat Gar Mat Gar Fac Low Low Dat Pro Fac Gar Fac Gar Fac Upp Upp Zhi Pro Fac Ext Cet Arc Hub Res Tes Res Qua Sec Combat Hostiles Destroyed 126 | 1 11 1 58 . . 5 4 13 3 16 . . . . . . 4 . 9 . . . . . . 1 . . . . . . . . Melee 32 | . . . . . . . 3 11 3 10 . . . . . . 3 . 1 . . . . . . 1 . . . . . . . . Guns 46 | 1 11 . 30 . . 2 1 1 . . . . . . . . . . . . . . . . . . . . . . . . . . Cannons 2 | . . . . . . . . 1 . 1 . . . . . . . . . . . . . . . . . . . . . . . . AOE 46 | . . 1 28 . . 3 . . . 5 . . . . . . 1 . 8 . . . . . . . . . . . . . . . Classes Destroyed 20 | 2 6 2 5 . . . . 1 . . . . . . . . 3 . . . 1 . . . . . . . . . . . . . Worker 63 | . 12 4 39 . . . . . 1 . . . . . . 1 . . . 5 . . . . 1 . . . . . . . . . Builder 39 | . 6 3 19 . . . . . . . . . . . . 4 . . . 3 . . . . 1 . . . . 3 . . . . Tunneler 15 | 2 2 1 7 1 . . . . . . . . . . . 1 . . . 1 . . . . . . . . . . . . . . Hauler 11 | . 1 . 5 . . . . . . . . . . . . . . 1 . 2 . . . . 1 . . . . 1 . . . . Recycler 36 | . 5 3 19 . . 2 . . . . . . . . . 4 . . . 1 . . . . 1 1 . . . . . . . . Minesweeper 1 | . . . . . . . . . . . . . . . . . . . . . 1 . . . . . . . . . . . . . Mechanic 5 | . . . 1 . . . . . 1 . . . . . . 2 . . . . . . . . . . . . . . . 1 . . Operator 16 | . 1 . 4 . . . . . 1 . . . . . . . . . . . . . . . . 1 . 9 . . . . . . Watcher 14 | . 3 . 4 . . . 1 . . . 1 . . . . 1 . . . . . . . . 1 1 . . . 2 . . . . Swarmer 30 | . . 1 8 . . 5 3 4 . 5 . . . . . . . . 4 . . . . . . . . . . . . . . . Cutter 2 | . . . . . . . . . . . . . . . . . 2 . . . . . . . . . . . . . . . . . Grunt 71 | 1 11 . 34 . . . . 8 3 10 . . . . . . . . 4 . . . . . . . . . . . . . . . Brawler 2 | . . . 2 . . . . . . . . . . . . . . . . . . . . . . . . . . . . . . . Duelist 4 | . . . 3 . . . . . . 1 . . . . . . . . . . . . . . . . . . . . . . . . Protector 4 | . . . 4 . . . . . . . . . . . . . . . . . . . . . . . . . . . . . . . Sentry 9 | . . . 7 . . . 1 . . . . . . . . . . . . . . . . . . 1 . . . . . . . . Hunter 1 | . . . . . . . . 1 . . . . . . . . . . . . . . . . . . . . . . . . . . Programmer 2 | . . . . . . . . . . . . . . . . . 1 . 1 . . . . . . . . . . . . . . . Behemoth 1 | . . . . . . . . . . . . . . . . . 1 . . . . . . . . . . . . . . . . . Zionite 1 | . . 1 . . . . . . . . . . . . . . . . . . . . . . . . . . . . . . . . Best Kill Streak 13 | 2 5 9 13 1 . 3 2 3 5 9 1 . . . . 6 2 1 8 3 1 . . . 2 1 . 9 . 2 . 1 . . Combat Bots Only 9 | 1 3 1 9 . . 3 2 3 3 9 . . . . . . 2 . 8 . . . . . . 1 . . . . . . . . Max Kills in Single Turn 5 | 1 2 2 5 1 . 3 1 1 1 2 1 . . . . 1 1 1 2 1 1 . . . 1 1 . 1 . 1 . 1 . . Gunslinging 1 | . . . 1 . . . . . . . . . . . . . . . . . . . . . . . . . . . . . . . Exploded 5 | . . 1 5 . . 3 . . . 2 . . . . . . 1 . 2 . . . . . . . . . . . . . . . Melee 1 | . . . . . . . 1 1 1 1 . . . . . . 1 . 1 . . . . . . 1 . . . . . . . . Uniques/NPCs Destroyed . | . . . . . . . . . . . . . . . . . . . . . . . . . . . . . . . . . . . Combat | -11 -10 -10 -9 -9 -9 -8 -8 -8 -8 -8 -7 -7 -7 -7 -6 -6 -6 -6 -6 -5 -5 -5 -5 -4 -4 -4 -4 -4 -4 -3 -3 -2 -2 -2 -------- Run | Yrd Mat Min Mat Min Exi Min Mat Gar Mat Gar Fac Low Low Dat Pro Fac Gar Fac Gar Fac Upp Upp Zhi Pro Fac Ext Cet Arc Hub Res Tes Res Qua Sec Hostile Shots Fired 964 | 6 61 6 210 . . 7 28 54 10 71 . . . . 8 3 63 18 85 7 . 1 . . 20 41 8 . 14 7 15 3 22 196 Missed 381 | 1 18 2 59 . . 1 6 12 2 18 . . . . 6 2 33 11 34 5 . . . . 8 17 5 . 8 4 8 2 15 104 Damage Taken 10411 | 53 543 45 2162 . . 52 272 627 132 913 . . . . 30 47 592 56 895 45 . 26 . . 248 593 138 . 117 140 169 27 141 2348 Core 2925 | . 63 . 294 . . 9 22 128 18 163 . . . . 14 . 115 5 353 21 . 26 . . 83 136 13 . 25 74 41 . 71 1251 Absorbed by Shields 304 | . . . . . . . . . . 20 . . . . . . . . 128 . . . . . . 75 81 . . . . . . . Regen/Repaired (Parts) 571 | . . . . . . . . . . . 13 . . . . . . . . . . . . . . . . . . 218 . . . 340 Core Remaining (%) 71 | 100 . 74 . . . 24 . . . 39 . . . . 98 . . . 44 . . . . 95 . . . . 77 . 91 . . . Volleys Fired 678 | 9 145 17 330 . . 15 9 7 1 13 10 . 1 . 1 32 25 7 12 6 . . 4 . 8 3 1 . 2 7 6 2 1 4 Largest 2 | 2 2 2 2 . . 1 1 2 1 1 1 . 1 . 1 1 1 1 1 1 . . 1 . 1 1 1 . 1 1 1 1 1 1 Hottest 240 | 40 40 40 121 . . 65 44 67 20 44 5 . 5 . 5 44 45 5 45 5 . . 5 . 61 7 240 . 7 10 10 10 10 10 Shots Fired 1145 | 18 290 32 617 . . 17 9 13 1 13 10 . 1 . 1 32 26 7 13 6 . . 4 . 8 3 1 1 2 7 6 2 1 4 Gun 961 | 18 290 30 595 . . 14 6 6 . . . . . . . . . . . . . . . . . . 1 1 . . . . . . Cannon 48 | . . . . . . . 3 7 . 7 . . . . . 27 . . . . . . . . 4 . . . . . . . . . Launcher 43 | . . 2 22 . . 3 . . . 4 . . . . . . 7 . 5 . . . . . . . . . . . . . . . Special 93 | . . . . . . . . . 1 2 10 . 1 . 1 5 19 7 8 6 . . 4 . 4 3 . . 2 7 6 2 1 4 Kinetic 766 | 18 290 30 368 . . . 9 13 . 7 . . . . . 27 . . . . . . . . 4 . . . . . . . . . Thermal 246 | . . . 227 . . 14 . . 1 2 . . . . . . . . . . . . . . . . 1 1 . . . . . . Explosive 43 | . . 2 22 . . 3 . . . 4 . . . . . . 7 . 5 . . . . . . . . . . . . . . . Electromagnetic . | . . . . . . . . . . . . . . . . . . . . . . . . . . . . . . . . . . . Robot Hit Streak 20 | 2 11 11 20 . . 6 3 4 3 5 6 . 7 . 8 13 15 7 7 13 . . 15 . 4 7 . 8 10 6 5 1 2 3 Robot Miss Streak 7 | 3 7 1 6 . . 3 4 1 . 3 4 . . . . . 6 . 5 . . . 1 . . . . . . 1 1 1 . 1 Penetration Max . | . . . . . . . . . . . . . . . . . . . . . . . . . . . . . . . . . . . Secondary Targets 5 | . 1 . 4 . . . . . . . . . . . . . . . . . . . . . . . . . . . . . . . Max Gunslinging Chain 1 | . 1 . 1 . . . . . . . . . . . . . . . . . . . . . . . . . . . . . . . Shots Hit Robots 944 | 8 171 20 403 1 4 13 8 45 20 41 7 . 1 . 1 21 37 8 11 23 3 . 4 . 14 28 . 13 2 26 5 2 1 3 Core Hits 484 | 5 70 16 220 1 . 17 5 18 5 26 . . . . . 11 24 1 24 14 1 . . . 5 7 . 7 . 6 . 1 . . Critical Kills 3 | . 3 . . . . . . . . . . . . . . . . . . . . . . . . . . . . . . . . . Critical Parts Destroyed 5 | 1 1 . 3 . . . . . . . . . . . . . . . . . . . . . . . . . . . . . . . Critical Strikes 47 | 1 4 . 18 . . . . 3 2 7 . . . . . . 1 . . 3 . . . . 1 5 . 1 . 1 . . . . Burn 14 | . . . 14 . . . . . . . . . . . . . . . . . . . . . . . . . . . . . . . Destroy 9 | 1 4 . 4 . . . . . . . . . . . . . . . . . . . . . . . . . . . . . . . Sever 24 | . . . . . . . . 3 2 7 . . . . . . 1 . . 3 . . . . 1 5 . 1 . 1 . . . . Melee Attacks 439 | . . . . 2 4 . 14 46 30 72 7 1 . . . 31 63 1 13 31 4 1 1 2 22 34 . 14 5 28 1 4 4 4 Impact 5 | . . . . . . . . . . . . . . . . . . . . 5 . . . . . . . . . . . . . . Slashing 409 | . . . . 2 . . 14 38 18 71 7 1 . . . 31 63 1 13 26 4 1 1 2 22 34 . 14 5 28 1 4 4 4 Piercing . | . . . . . . . . . . . . . . . . . . . . . . . . . . . . . . . . . . . Sneak Attacks 70 | . . . . 1 4 . 1 4 9 . 1 . . . . 11 2 1 . 13 1 . . . 4 5 . 8 . 4 . 1 . . Combat Hostiles 9 | . . . . . . . . 4 . . . . . . . . 2 . . 2 . . . . . 1 . . . . . . . . Follow-up Attacks . | . . . . . . . . . . . . . . . . . . . . . . . . . . . . . . . . . . . Damage Inflicted 27454 | 90 1945 473 8098 73 . 323 227 1865 630 2746 122 . . . . 1389 2899 88 824 1126 158 . 92 . 658 1169 . 1237 . 1107 . 115 . . Guns 8425 | 90 1945 254 5900 . . 177 47 12 . . . . . . . . . . . . . . . . . . . . . . . . . . Cannons 92 | . . . . . . . . 48 . 44 . . . . . . . . . . . . . . . . . . . . . . . . Explosions 4720 | . . 219 2198 . . 146 . . . 637 . . . . . . 769 . 751 . . . . . . . . . . . . . . . Melee 14196 | . . . . 73 . . 180 1805 617 2065 122 . . . . 1387 2130 88 73 1120 158 . 92 . 658 1169 . 1237 . 1107 . 115 . . Ramming 8 | . . . . . . . . . . . . . . . . 2 . . . 6 . . . . . . . . . . . . . . Kinetic 5679 | 90 1945 254 3239 . . . 47 60 . 44 . . . . . . . . . . . . . . . . . . . . . . . . Thermal 2851 | . . . 2661 . . 177 . . 13 . . . . . . . . . . . . . . . . . . . . . . . . . Explosive 4684 | . . 219 2162 . . 146 . . . 637 . . . . . . 769 . 751 . . . . . . . . . . . . . . . Electromagnetic 36 | . . . 36 . . . . . . . . . . . . . . . . . . . . . . . . . . . . . . . Impact 59 | . . . . . . . . . . . . . . . . . . . . 59 . . . . . . . . . . . . . . Slashing 14137 | . . . . 73 . . 180 1805 617 2065 122 . . . . 1387 2130 88 73 1061 158 . 92 . 658 1169 . 1237 . 1107 . 115 . . Piercing . | . . . . . . . . . . . . . . . . . . . . . . . . . . . . . . . . . . . Highest Corruption 15 | . 1 1 3 3 3 3 . . . . . . . . . 3 13 13 15 3 3 . . . . 1 1 1 . 1 1 . . . Average Corruption 3 | . 1 1 3 3 3 3 . . . . . . . . . 3 10 13 13 2 2 . . . . 1 1 1 . 1 1 . . . Corruption Purged 4 | . . . . . . . . . . . . . . . . . . . . . 3 . . . . . . 1 . . . . . . Corruption Blocked . | . . . . . . . . . . . . . . . . . . . . . . . . . . . . . . . . . . . Effects 135 | . . . 5 10 13 17 . . . . . . . . . 1 30 5 13 17 3 . . . . 14 1 1 . 3 2 . . . Message Errors 30 | . . . . . 2 7 . . . . . . . . . . 9 1 . 6 1 . . . . 3 . . . . 1 . . . Matter Fused 31 | . . . . 3 4 4 . . . . . . . . . . 9 1 2 3 1 . . . . 3 1 . . . . . . . Heat Flow Errors 14 | . . . 2 . . 1 . . . . . . . . . . 5 . 1 1 . . . . . 4 . . . . . . . . Energy Discharges 17 | . . . . . 2 1 . . . . . . . . . . 2 2 2 4 . . . . . 2 . . . 2 . . . . Parts Rejected 2 | . . . . . . . . . . . . . . . . . . . 2 . . . . . . . . . . . . . . . Parts Fused 2 | . . . . . . . . . . . . . . . . . 1 . . . . . . . . 1 . . . . . . . . Data Loss (minor) 19 | . . . 2 1 5 2 . . . . . . . . . . 2 1 2 2 1 . . . . . . . . . 1 . . . Data Loss (major) 10 | . . . 1 5 . . . . . . . . . . . 1 . . . 1 . . . . . 1 . . . 1 . . . . Misfires 5 | . . . . . . 2 . . . . . . . . . . 1 . 1 . . . . . . . . 1 . . . . . . Alerts 1 | . . . . 1 . . . . . . . . . . . . . . . . . . . . . . . . . . . . . . Misdirections 4 | . . . . . . . . . . . . . . . . . 1 . 3 . . . . . . . . . . . . . . . Overload Shots 1 | . . . . . . . . . . . . . . . . . . . . . . . . . . . 1 . . . . . . . Overflow Damage 1666 | . . . 21 . . . 7 57 127 55 72 . . . . 317 106 . 8 45 42 . 76 . 58 154 . 409 . 112 . . . . Projectiles 2 | . . . . . . . . . . 2 . . . . . . . . . . . . . . . . . . . . . . . . Explosions 43 | . . . 21 . . . . . . 7 . . . . . . 7 . 8 . . . . . . . . . . . . . . . Melee 1621 | . . . . . . . 7 57 127 46 72 . . . . 317 99 . . 45 42 . 76 . 58 154 . 409 . 112 . . . . Knockbacks . | . . . . . . . . . . . . . . . . . . . . . . . . . . . . . . . . . . . Impact . | . . . . . . . . . . . . . . . . . . . . . . . . . . . . . . . . . . . Kinetic . | . . . . . . . . . . . . . . . . . . . . . . . . . . . . . . . . . . . Secondary . | . . . . . . . . . . . . . . . . . . . . . . . . . . . . . . . . . . . Self-Inflicted Damage 651 | . . 18 258 . . . . . . 118 . . . . . 1 103 . 151 2 . . . . . . . . . . . . . . Shots 25 | . . 1 8 . . . . . . 4 . . . . . . 5 . 7 . . . . . . . . . . . . . . . Rammed 4 | . . . . . . . . . . . . . . . . 1 . . . 3 . . . . . . . . . . . . . . Targets Rammed 4 | . . . . . . . . . . . . . . . . 1 . . . 3 . . . . . . . . . . . . . . Kicked . | . . . . . . . . . . . . . . . . . . . . . . . . . . . . . . . . . . . Crushed . | . . . . . . . . . . . . . . . . . . . . . . . . . . . . . . . . . . . Highest Temperature 432 | 6 30 . 340 . . 175 8 36 . 42 4 . 5 . 2 312 432 30 273 204 . . . . 64 265 182 37 . 226 35 . 17 88 Average Temperature 88 | 6 7 . 84 . . 38 8 16 . 27 4 . 5 . 1 114 99 14 124 110 . . . . 21 62 97 21 . 108 18 . 9 40 Received Heat Transfer 2367 | 30 327 . 696 . . . 135 324 45 375 . . . . . 9 36 18 27 9 . . . . 27 54 9 . 21 9 36 9 9 162 Effects 19 | . . . 8 . . . . . . . . . . . . 5 3 . . . . . . . . . . . . 3 . . . . Shutdowns 1 | . . . . . . . . . . . . . . . . . 1 . . . . . . . . . . . . . . . . . Energy Bleed 7 | . . . 2 . . . . . . . . . . . . 5 . . . . . . . . . . . . . . . . . . Interference 10 | . . . 6 . . . . . . . . . . . . . 1 . . . . . . . . . . . . 3 . . . . Short Circuit 1 | . . . . . . . . . . . . . . . . . 1 . . . . . . . . . . . . . . . . . Siege Activations . | . . . . . . . . . . . . . . . . . . . . . . . . . . . . . . . . . . . Robots Corrupted . | . . . . . . . . . . . . . . . . . . . . . . . . . . . . . . . . . . . Combat Hostiles . | . . . . . . . . . . . . . . . . . . . . . . . . . . . . . . . . . . . Parts Fried 2 | . . . 2 . . . . . . . . . . . . . . . . . . . . . . . . . . . . . . . Impact Corruptions . | . . . . . . . . . . . . . . . . . . . . . . . . . . . . . . . . . . . Robots Melted . | . . . . . . . . . . . . . . . . . . . . . . . . . . . . . . . . . . . Combat Hostiles . | . . . . . . . . . . . . . . . . . . . . . . . . . . . . . . . . . . . Parts Melted 11 | . . . 11 . . . . . . . . . . . . . . . . . . . . . . . . . . . . . . . Heat Transferred 6809 | . . . 6557 . . 215 . . 37 . . . . . . . . . . . . . . . . . . . . . . . . . Parts Sabotaged 4 | . . . . . . . . . . . . . . . . . . . . . . . . . . . . . . . . . . 4 Parts Stolen . | . . . . . . . . . . . . . . . . . . . . . . . . . . . . . . . . . . . Parts Stripped . | . . . . . . . . . . . . . . . . . . . . . . . . . . . . . . . . . . . Power Chain Reactions . | . . . . . . . . . . . . . . . . . . . . . . . . . . . . . . . . . . . Alert | -11 -10 -10 -9 -9 -9 -8 -8 -8 -8 -8 -7 -7 -7 -7 -6 -6 -6 -6 -6 -5 -5 -5 -5 -4 -4 -4 -4 -4 -4 -3 -3 -2 -2 -2 ------- Run | Yrd Mat Min Mat Min Exi Min Mat Gar Mat Gar Fac Low Low Dat Pro Fac Gar Fac Gar Fac Upp Upp Zhi Pro Fac Ext Cet Arc Hub Res Tes Res Qua Sec Peak Influence 1911 | 31 232 187 1518 592 . 123 157 607 371 989 520 . . . . 202 571 410 649 446 . . . . 601 574 431 399 88 188 1725 1256 1798 1911 Initial 1100 | . 20 46 72 586 . . 31 2 295 66 518 . . . . 46 62 299 287 348 . . . . 300 294 320 172 . 35 63 1100 706 1100 Average 374 | 10 104 111 740 585 . 48 38 365 195 573 305 . . . . 81 307 337 474 179 . . . . 365 311 375 206 31 68 1615 1183 1693 1767 Maximum Alert Level 5 | . 1 . 4 2 . . . 2 1 3 2 . . . . 1 2 2 2 2 . . . . 2 2 2 1 . . 5 4 5 5 Low Security (%) 43 | 100 93 100 4 . . 100 100 14 58 13 9 . . . . 99 26 . . 62 . . . . . 13 . 67 100 100 1 . . . Level 1 23 | . 6 . 18 2 . . . 40 41 15 68 . . . . . 46 77 30 31 . . . . 81 64 76 32 . . . . . . Level 2 18 | . . . 32 97 . . . 44 . 33 21 . . . . . 26 22 69 6 . . . . 18 22 23 . . . . . . . Level 3 7 | . . . 23 . . . . . . 37 . . . . . . . . . . . . . . . . . . . . . . 1 . Level 4 4 | . . . 21 . . . . . . . . . . . . . . . . . . . . . . . . . . . . 100 . . Level 5 . | . . . . . . . . . . . . . . . . . . . . . . . . . . . . . . . . . . . High Security . | . . . . . . . . . . . . . . . . . . . . . . . . . . . . . . . . . . . Max Security 1 | . . . . . . . . . . . . . . . . . . . . . . . . . . . . . . . 98 . 98 99 Sterilizations 1 | . . . 1 . . . . . . . . . . . . . . . . . . . . . . . . . . . . . . . Squads Dispatched 69 | . 3 . 14 . . . 2 . 4 . 3 . . . . 5 . . . 6 . . . . 3 1 . . 5 9 . 1 . 13 Investigation 27 | . 1 . 2 . . . . . 1 . 1 . . . . 3 . . . 3 . . . . 2 1 . . 4 8 . 1 . . Extermination 4 | . . . . . . . . . . . 1 . . . . 1 . . . 1 . . . . 1 . . . . . . . . . Reinforcement 21 | . 2 . 7 . . . 2 . 3 . 1 . . . . 1 . . . 2 . . . . . . . . 1 1 . . . 1 Assault 17 | . . . 5 . . . . . . . . . . . . . . . . . . . . . . . . . . . . . . 12 Garrison . | . . . . . . . . . . . . . . . . . . . . . . . . . . . . . . . . . . . Intercept . | . . . . . . . . . . . . . . . . . . . . . . . . . . . . . . . . . . . Searches Triggered 3 | . . . . . . . . . . . . . . . . . . . . 1 . . . . 1 1 . . . . . . . . Data Miner Redirects 1 | . . . . . . . . . . . . . . . . . . . . 1 . . . . . . . . . . . . . . Construction Impeded 4 | . . . 3 . . . 1 . . . . . . . . . . . . . . . . . . . . . . . . . . . Haulers Reinforced 1 | . . . . . . . . . . . . . . . . . . . . 1 . . . . . . . . . . . . . . Active Scanning Responses . | . . . . . . . . . . . . . . . . . . . . . . . . . . . . . . . . . . . Cargo Convoy Interrupts . | . . . . . . . . . . . . . . . . . . . . . . . . . . . . . . . . . . . Alert ID Control Effect 10 | . . . . . . . . . . . . . . . . . . . 1 1 . . . . . . 3 1 4 . . . . . Stealth | -11 -10 -10 -9 -9 -9 -8 -8 -8 -8 -8 -7 -7 -7 -7 -6 -6 -6 -6 -6 -5 -5 -5 -5 -4 -4 -4 -4 -4 -4 -3 -3 -2 -2 -2 --------- Run | Yrd Mat Min Mat Min Exi Min Mat Gar Mat Gar Fac Low Low Dat Pro Fac Gar Fac Gar Fac Upp Upp Zhi Pro Fac Ext Cet Arc Hub Res Tes Res Qua Sec Distress Signals 29 | . 3 . 4 . . . 1 . 4 . 1 . . . . . . 1 . 3 . . . . 2 2 2 . 1 1 1 1 . 2 Communications Jammed . | . . . . . . . . . . . . . . . . . . . . . . . . . . . . . . . . . . . Distress Signals . | . . . . . . . . . . . . . . . . . . . . . . . . . . . . . . . . . . . Times Spotted 512 | 1 22 2 78 . . 7 8 23 16 20 6 2 . . 7 19 19 5 30 18 . 1 . 2 28 24 11 4 15 14 13 6 18 93 Peak Tracking Total 50 | 1 4 3 9 . . 4 3 5 4 9 4 2 . . 7 4 11 5 12 7 . 1 . 2 18 3 5 1 12 6 10 6 16 50 Tactical Retreats 54 | . 1 1 6 . . 1 1 5 2 1 2 1 . . 2 2 2 . 6 8 . . . . 4 3 . . . . 1 . 2 3 Traps | -11 -10 -10 -9 -9 -9 -8 -8 -8 -8 -8 -7 -7 -7 -7 -6 -6 -6 -6 -6 -5 -5 -5 -5 -4 -4 -4 -4 -4 -4 -3 -3 -2 -2 -2 ------- Run | Yrd Mat Min Mat Min Exi Min Mat Gar Mat Gar Fac Low Low Dat Pro Fac Gar Fac Gar Fac Upp Upp Zhi Pro Fac Ext Cet Arc Hub Res Tes Res Qua Sec Traps Triggered 26 | . 1 . 1 . . . . 4 . 1 . . . . . 2 1 1 2 5 . . . . . 6 . . 1 1 . . . . Indirectly . | . . . . . . . . . . . . . . . . . . . . . . . . . . . . . . . . . . . Trap Hack Attempts 23 | . . . . . . . . 23 . . . . . . . . . . . . . . . . . . . . . . . . . . Triggered . | . . . . . . . . . . . . . . . . . . . . . . . . . . . . . . . . . . . Disarmed 1 | . . . . . . . . 1 . . . . . . . . . . . . . . . . . . . . . . . . . . Reprogrammed 2 | . . . . . . . . 2 . . . . . . . . . . . . . . . . . . . . . . . . . . Reused 8 | . . . . . . . . . . 3 . . . . . . 1 . 1 . . . . . . 3 . . . . . . . . Traps Extracted 1 | . . . . . . . . . . . . 1 . . . . . . . . . . . . . . . . . . . . . . Installed 9 | . . . . . . . . . . 4 . . . . . . 1 . 1 . . . . . . 3 . . . . . . . . Triggered 12 | . . . . . . . . . . 3 . . 1 . 1 . 1 . 1 1 . . . . . 4 . . . . . . . . Most Traps Carried 8 | . . . . . . . . . . 4 4 5 5 5 5 5 5 4 4 3 8 8 8 8 8 8 5 5 5 5 5 5 5 5 Machines | -11 -10 -10 -9 -9 -9 -8 -8 -8 -8 -8 -7 -7 -7 -7 -6 -6 -6 -6 -6 -5 -5 -5 -5 -4 -4 -4 -4 -4 -4 -3 -3 -2 -2 -2 ---------- Run | Yrd Mat Min Mat Min Exi Min Mat Gar Mat Gar Fac Low Low Dat Pro Fac Gar Fac Gar Fac Upp Upp Zhi Pro Fac Ext Cet Arc Hub Res Tes Res Qua Sec Machines Disabled 31 | . . . 6 . . 1 . 2 . 5 1 . . . . . 3 . 1 . . . . . . 1 3 1 . 1 1 . 3 2 Max in Single Turn 2 | . . . 1 . . 1 . 2 . 1 1 . . . . . 1 . 1 . . . . . . 1 1 . . 1 1 . 1 1 Garrison Relay 12 | . . . . . . . . 5 . 4 . . . . . . 2 . 1 . . . . . . . . . . . . . . . Phase Generator 1 | . . . . . . . . 1 . . . . . . . . . . . . . . . . . . . . . . . . . . Machines Repaired . | . . . . . . . . . . . . . . . . . . . . . . . . . . . . . . . . . . . Machines Dismantled 8 | . . . . . . . . 5 . 3 . . . . . . . . . . . . . . . . . . . . . . . . Machines Sabotaged . | . . . . . . . . . . . . . . . . . . . . . . . . . . . . . . . . . . . Overloaded Fab Kills . | . . . . . . . . . . . . . . . . . . . . . . . . . . . . . . . . . . . Hacking | -11 -10 -10 -9 -9 -9 -8 -8 -8 -8 -8 -7 -7 -7 -7 -6 -6 -6 -6 -6 -5 -5 -5 -5 -4 -4 -4 -4 -4 -4 -3 -3 -2 -2 -2 --------- Run | Yrd Mat Min Mat Min Exi Min Mat Gar Mat Gar Fac Low Low Dat Pro Fac Gar Fac Gar Fac Upp Upp Zhi Pro Fac Ext Cet Arc Hub Res Tes Res Qua Sec Machines Accessed 152 | . 10 1 13 . 5 . 8 3 3 2 13 . 2 4 . 15 1 4 . 12 1 1 9 . 9 7 2 . 4 17 . 6 . . Terminals 76 | . 7 1 8 . . . 5 3 1 2 7 . . . . 6 1 2 . 8 . . . . 5 7 2 . 3 6 . 2 . . Fabricators 11 | . . . . . . . . . . . 2 . . . . 3 . 1 . 2 . . . . 1 . . . . 2 . . . . Repair Stations 11 | . 1 . 2 . . . . . . . 2 . . . . 1 . . . 1 . . . . 1 . . . . 2 . 1 . . Recycling Units 9 | . 2 . 1 . . . 1 . . . 1 . . . . 1 . . . . . . . . 1 . . . . 1 . 1 . . Scanalyzers 11 | . . . 2 . . . 1 . 1 . 1 . . . . 2 . . . 1 . . . . . . . . . 2 . 1 . . Garrison Access 12 | . . . . . . . 1 . 1 . . . . . . 2 . 1 . . . . . . 1 . . . 1 4 . 1 . . Total Hacks 446 | . 26 3 37 . 50 . 22 6 11 4 30 . 3 32 . 33 1 7 . 27 1 1 48 . 19 20 3 . 15 38 . 9 . . Successful 292 | . 13 1 20 . 50 . 5 2 7 1 20 . 3 32 . 16 1 3 . 13 1 1 48 . 7 8 1 . 9 24 . 6 . . Failed 150 | . 12 2 16 . . . 17 4 3 3 10 . . . . 17 . 4 . 14 . . . . 12 12 2 . 6 13 . 3 . . Catastrophic 25 | . 2 . 2 . . . 3 2 . 1 3 . . . . 2 . 1 . 4 . . . . 2 1 . . . 2 . . . . Database Lockouts 4 | . 1 . 1 . . . . . 1 . . . . . . . . . . . . . . . . . . . . 1 . . . . Manual 163 | . 18 1 22 . 1 . 16 . 8 . 15 . . . . 11 . 6 . 5 . . . . 7 12 1 . 10 22 . 8 . . Terminals 208 | . 21 3 27 . . . 17 6 8 4 21 . . . . 18 1 5 . 18 . . . . 10 20 3 . 11 12 . 3 . . Fabricators 24 | . . . . . . . . . . . 2 . . . . 6 . 1 . 7 . . . . 4 . . . . 4 . . . . Repair Stations 18 | . 1 . 3 . . . . . . . 3 . . . . 1 . . . 1 . . . . 1 . . . . 6 . 2 . . Recycling Units 12 | . 4 . 1 . . . 1 . . . 1 . . . . 1 . . . . . . . . 1 . . . . 1 . 2 . . Scanalyzers 22 | . . . 6 . . . 3 . 2 . 3 . . . . 2 . . . 1 . . . . . . . . . 4 . 1 . . Garrison Access 27 | . . . . . . . 1 . 1 . . . . . . 5 . 1 . . . . . . 3 . . . 4 11 . 1 . . Terminal Hacks 207 | . 8 1 11 . 50 . 2 2 4 1 10 . 3 32 . 4 1 . . 6 1 1 48 . 5 5 1 . 4 6 . 1 . . Record 119 | . 2 . 1 . 49 . 1 . . . 6 . 2 11 . . . . . . . . 36 . 3 2 1 . . 5 . . . . Part Schematic 16 | . . . . . . . . . . . 1 . . 11 . . . . . . . . 4 . . . . . . . . . . . Robot Schematic 7 | . . . . . . . . . . . . . . 7 . . . . . . . . . . . . . . . . . . . . Robot Analysis 12 | . 2 . 1 . . . 1 . 3 . . . . . . 1 . . . . . . 4 . . . . . . . . . . . Prototype ID Bank 12 | . 1 . 2 . . . . . 1 . . . . 3 . . . . . . . . 4 . . 1 . . . . . . . . Open Door 4 | . . . . . . . . . . . . . 1 . . . . . . . 1 1 . . 1 . . . . . . . . . Branch Access Points 5 | . . . 1 . . . . . . . 1 . . . . . . . . 1 . . . . . . . . . 1 . 1 . . Emergency Access Points 4 | . . . 1 . . . . . . 1 . . . . . . 1 . . . . . . . . . . . 1 . . . . . Terminal Index 2 | . . . . . . . . . . . . . . . . . . . . . . . . . . . . . 2 . . . . . Fabricator Index 1 | . . . . . . . . . . . . . . . . . . . . 1 . . . . . . . . . . . . . . Scanalyzer Index 1 | . 1 . . . . . . . . . . . . . . . . . . . . . . . . . . . . . . . . . Alert Level 1 | . . . 1 . . . . . . . . . . . . . . . . . . . . . . . . . . . . . . . Unreport Threat 3 | . . . . . . . . . . . 2 . . . . . . . . 1 . . . . . . . . . . . . . . Locate Traps 10 | . 1 . 2 . . . . . . . . . . . . 1 . . . 2 . . . . 1 2 . . 1 . . . . . Dispatch Records 1 | . . . 1 . . . . . . . . . . . . . . . . . . . . . . . . . . . . . . . Hauler Manifests 2 | . . . . . . . . . . . . . . . . 1 . . . 1 . . . . . . . . . . . . . . Zone Layout 4 | . 1 1 1 . . . . . . . . . . . . 1 . . . . . . . . . . . . . . . . . . Garrison Registry 1 | . . . . . . . . 1 . . . . . . . . . . . . . . . . . . . . . . . . . . Security Stations 1 | . . . . . . . . 1 . . . . . . . . . . . . . . . . . . . . . . . . . . Derelict Proto ID Bank 1 | . . . . . 1 . . . . . . . . . . . . . . . . . . . . . . . . . . . . . Fabricator Hacks 10 | . . . . . . . . . . . . . . . . 4 . . . 3 . . . . 1 . . . . 2 . . . . Load Schematic 6 | . . . . . . . . . . . . . . . . 2 . . . 2 . . . . 1 . . . . 1 . . . . Build 4 | . . . . . . . . . . . . . . . . 2 . . . 1 . . . . . . . . . 1 . . . . Repair Station Hacks 4 | . . . . . . . . . . . 2 . . . . . . . . . . . . . . . . . . 2 . . . . Scan Component 2 | . . . . . . . . . . . 1 . . . . . . . . . . . . . . . . . . 1 . . . . Repair 2 | . . . . . . . . . . . 1 . . . . . . . . . . . . . . . . . . 1 . . . . Recycling Unit Hacks . | . . . . . . . . . . . . . . . . . . . . . . . . . . . . . . . . . . . Scanalyzer 3 | . . . 3 . . . . . . . . . . . . . . . . . . . . . . . . . . . . . . . Insert Component 3 | . . . 3 . . . . . . . . . . . . . . . . . . . . . . . . . . . . . . . Garrison Access Hacks 10 | . . . . . . . 1 . 1 . . . . . . 2 . 1 . . . . . . . . . . 1 4 . . . . Unlock Access 5 | . . . . . . . 1 . 1 . . . . . . 2 . 1 . . . . . . . . . . . . . . . . Coupler Status 5 | . . . . . . . . . . . . . . . . . . . . . . . . . . . . . 1 4 . . . . Unauthorized Hacks 58 | . 5 . 6 . . . 2 . 2 . 8 . . . . 6 . 2 . 4 . . . . 1 3 . . 4 10 . 5 . . Terminals 23 | . 2 . 1 . . . 1 . 1 . 4 . . . . 1 . 2 . 2 . . . . . 3 . . 3 2 . 1 . . Track 1 | . . . . . . . . . . . 1 . . . . . . . . . . . . . . . . . . . . . . . Assimilate 5 | . . . . . . . . . . . 2 . . . . . . 1 . 1 . . . . . 1 . . . . . . . . Botnet 13 | . 1 . 1 . . . 1 . 1 . 1 . . . . 1 . 1 . 1 . . . . . 1 . . 1 2 . 1 . . Disrupt 1 | . . . . . . . . . . . . . . . . . . . . . . . . . . 1 . . . . . . . . Operators 1 | . 1 . . . . . . . . . . . . . . . . . . . . . . . . . . . . . . . . . Sabotage 2 | . . . . . . . . . . . . . . . . . . . . . . . . . . . . . 2 . . . . . Fabricators 1 | . . . . . . . . . . . 1 . . . . . . . . . . . . . . . . . . . . . . . Haulers 1 | . . . . . . . . . . . 1 . . . . . . . . . . . . . . . . . . . . . . . Repair Stations 7 | . . . 2 . . . . . . . 1 . . . . 1 . . . 1 . . . . 1 . . . . . . 1 . . Mechanics 7 | . . . 2 . . . . . . . 1 . . . . 1 . . . 1 . . . . 1 . . . . . . 1 . . Recycling Units 9 | . 3 . 1 . . . 1 . . . 1 . . . . 1 . . . . . . . . . . . . . 1 . 1 . . Recyclers 8 | . 2 . 1 . . . 1 . . . 1 . . . . 1 . . . . . . . . . . . . . 1 . 1 . . Tunnel 1 | . 1 . . . . . . . . . . . . . . . . . . . . . . . . . . . . . . . . . Scanalyzers 9 | . . . 2 . . . . . 1 . 1 . . . . 2 . . . 1 . . . . . . . . . 1 . 1 . . Researchers 9 | . . . 2 . . . . . 1 . 1 . . . . 2 . . . 1 . . . . . . . . . 1 . 1 . . Garrison Access 9 | . . . . . . . . . . . . . . . . 1 . . . . . . . . . . . . 1 6 . 1 . . Restock 3 | . . . . . . . . . . . . . . . . 1 . . . . . . . . . . . . . 2 . . . . Eject 6 | . . . . . . . . . . . . . . . . . . . . . . . . . . . . . 1 4 . 1 . . Data Cores Recovered 1 | . . . . . . . . . . . . . . . . . . . . . . . . . . 1 . . . . . . . . Used . | . . . . . . . . . . . . . . . . . . . . . . . . . . . . . . . . . . . Hacking Detections 109 | . 10 1 10 . . . 6 3 2 2 11 . . . . 10 1 4 . 12 . . . . 7 7 1 . 4 13 . 5 . . Full Trace Events 16 | . . . 1 . . . . 1 . 1 1 . . . . 3 . . . 3 . . . . 2 1 . . . 3 . . . . Feedback Events 3 | . . . . . . . . . . 1 . . . . . . . . . . . . . . . . . . . 2 . . . . Corruption 1 | . . . . . . . . . . . . . . . . . . . . . . . . . . . . . . 1 . . . . Hackware Fried 2 | . . . . . . . . . . 1 . . . . . . . . . . . . . . . . . . . 1 . . . . Feedback Blocked . | . . . . . . . . . . . . . . . . . . . . . . . . . . . . . . . . . . . Robot Schematics Acquired 7 | . . . . . . . . . . . . . . 7 . . . . . . . . . . . . . . . . . . . . Robots Built . | . . . . . . . . . . . . . . . . . . . . . . . . . . . . . . . . . . . Authchips . | . . . . . . . . . . . . . . . . . . . . . . . . . . . . . . . . . . . Time . | . . . . . . . . . . . . . . . . . . . . . . . . . . . . . . . . . . . Total Robot Build Rating . | . . . . . . . . . . . . . . . . . . . . . . . . . . . . . . . . . . . Part Schematics Acquired 16 | . . . . . . . . . . . 1 . . 11 . . . . . . . . 4 . . . . . . . . . . . Parts Built 4 | . . . . . . . . . . . . . . . . 2 . . . 1 . . . . . . . . . 1 . . . . Authchips . | . . . . . . . . . . . . . . . . . . . . . . . . . . . . . . . . . . . Time 609 | . . . . . . . . . . . . . . . . 253 . . . 169 . . . . . . . . . 187 . . . . Total Part Build Rating 25 | . . . . . . . . . . . . . . . . 12 . . . 6 . . . . . . . . . 7 . . . . Parts Repaired 2 | . . . . . . . . . . . 1 . . . . . . . . . . . . . . . . . . 1 . . . . Time 32 | . . . . . . . . . . . 19 . . . . . . . . . . . . . . . . . . 13 . . . . Parts Recycled . | . . . . . . . . . . . . . . . . . . . . . . . . . . . . . . . . . . . Recycled Matter . | . . . . . . . . . . . . . . . . . . . . . . . . . . . . . . . . . . . Retrieved Matter . | . . . . . . . . . . . . . . . . . . . . . . . . . . . . . . . . . . . Retrieved Components . | . . . . . . . . . . . . . . . . . . . . . . . . . . . . . . . . . . . Parts Scanalyzed . | . . . . . . . . . . . . . . . . . . . . . . . . . . . . . . . . . . . Part Schematics Acquired . | . . . . . . . . . . . . . . . . . . . . . . . . . . . . . . . . . . . Parts Damaged . | . . . . . . . . . . . . . . . . . . . . . . . . . . . . . . . . . . . Bothacking | -11 -10 -10 -9 -9 -9 -8 -8 -8 -8 -8 -7 -7 -7 -7 -6 -6 -6 -6 -6 -5 -5 -5 -5 -4 -4 -4 -4 -4 -4 -3 -3 -2 -2 -2 ------------ Run | Yrd Mat Min Mat Min Exi Min Mat Gar Mat Gar Fac Low Low Dat Pro Fac Gar Fac Gar Fac Upp Upp Zhi Pro Fac Ext Cet Arc Hub Res Tes Res Qua Sec Used RIF Installer 3 | . . . . . . . . 1 . 1 . . . . . . 1 . . . . . . . . . . . . . . . . . Zone Cloak 1 | . . . . . . . . . . 1 . . . . . . . . . . . . . . . . . . . . . . . . Alert ID Control 1 | . . . . . . . . . . . . . . . . . 1 . . . . . . . . . . . . . . . . . Robots Hacked 63 | . . . . . 4 . . 6 6 . 4 . 1 . 1 3 6 3 3 5 . . 3 . 2 3 . . 2 4 3 1 1 2 Non-combat 22 | . . . . . 3 . . . 3 . 4 . 1 . . 1 . 2 . 2 . . . . 2 . . . . 3 . . 1 . Combat 41 | . . . . . 1 . . 6 3 . . . . . 1 2 6 1 3 3 . . 3 . . 3 . . 2 1 3 1 . 2 Robot Hacks Applied 76 | . . . . . 4 . . 7 9 . 6 . 1 . 1 4 7 4 4 6 . . 3 . 3 3 . . 2 5 3 1 1 2 parse_system 15 | . . . . . 4 . . . 2 . 1 . 1 . . 1 . 2 . . . . 3 . . . . . . 1 . . . . generate_anomaly 1 | . . . . . . . . . . . . . . . . . . . . . . . . . . . . . . 1 . . . . find_chute 3 | . . . . . . . . . . . 1 . . . . . . . . 1 . . . . 1 . . . . . . . . . map_walls 2 | . . . . . . . . . 1 . . . . . . . . . . . . . . . . . . . . . . . 1 . find_fabricator 2 | . . . . . . . . . . . 1 . . . . . . . . . . . . . 1 . . . . . . . . . find_dsf 2 | . . . . . . . . . . . 1 . . . . . . . . . . . . . 1 . . . . . . . . . find_recycling 2 | . . . . . . . . . . . . . . . . . . . . 1 . . . . . . . . . 1 . . . . purge_threat 3 | . . . . . . . . . 2 . 1 . . . . . . . . . . . . . . . . . . . . . . . locate_traps 1 | . . . . . . . . . 1 . . . . . . . . . . . . . . . . . . . . . . . . . block_reporting 1 | . . . . . . . . . . . 1 . . . . . . . . . . . . . . . . . . . . . . . scatter_targeting 3 | . . . . . . . . . . . . . . . . . . . . . . . . . . 3 . . . . . . . . spike_heat 2 | . . . . . . . . . . . . . . . . . . 2 . . . . . . . . . . . . . . . . overload_power 4 | . . . . . . . . . . . . . . . . 1 3 . . . . . . . . . . . . . . . . . amplify_resonance 1 | . . . . . . . . . . . . . . . . . . . . . . . . . . . . . . 1 . . . . wipe_record 6 | . . . . . . . . . . . . . . . . . . . . . . . . . . . . . . . 3 1 . 2 go_dormant 1 | . . . . . . . . 1 . . . . . . . . . . . . . . . . . . . . . . . . . . overwrite_iff 19 | . . . . . . . . 4 1 . . . . . 1 2 1 . 3 4 . . . . . . . . 2 1 . . . . formatsys_high 8 | . . . . . . . . 2 2 . . . . . . . 3 . 1 . . . . . . . . . . . . . . . Relay Couplers Released 71 | . . . . . . . . 20 . 17 . . . . . . 10 . 3 . . . . . . . . . 3 15 . 3 . . Ejected 21 | . . . . . . . . . . . . . . . . . . . . . . . . . . . . . 3 15 . 3 . . Machine Destruction 50 | . . . . . . . . 20 . 17 . . . . . . 10 . 3 . . . . . . . . . . . . . . . Attached 22 | . . . . . . . . 3 3 . 1 . . . 1 . 4 . 1 1 . . . . . . . . 1 3 1 3 . . Fabnet Peak Effective % . | . . . . . . . . . . . . . . . . . . . . . . . . . . . . . . . . . . . Robots Rewired 11 | . . . . . . . . . . . 1 . . . . . . . . . . . . . . 10 . . . . . . . . Allies Hacked 1 | . . . . . . . . . . . . . . . . . 1 . . . . . . . . . . . . . . . . . Hacks Repelled . | . . . . . . . . . . . . . . . . . . . . . . . . . . . . . . . . . . . Allies | -11 -10 -10 -9 -9 -9 -8 -8 -8 -8 -8 -7 -7 -7 -7 -6 -6 -6 -6 -6 -5 -5 -5 -5 -4 -4 -4 -4 -4 -4 -3 -3 -2 -2 -2 -------- Run | Yrd Mat Min Mat Min Exi Min Mat Gar Mat Gar Fac Low Low Dat Pro Fac Gar Fac Gar Fac Upp Upp Zhi Pro Fac Ext Cet Arc Hub Res Tes Res Qua Sec Total Allies 53 | . . 2 . . . . . 5 3 . 3 . . . 1 1 4 1 3 4 . . . . . 18 5 . 2 1 . . . . Largest Group 15 | . . 2 1 . . . . 2 1 1 3 1 1 1 1 1 2 1 2 2 . . . . . 14 15 12 12 1 . . . . Highest-Rated Group 1004 | . . 42 31 . . . . 42 21 16 68 10 10 10 29 29 32 26 34 49 . . . . . 684 1004 869 749 116 . . . . Highest-Rated Ally 159 | . . 31 31 . . . . 29 21 16 32 10 10 10 29 29 32 26 22 49 . . . . . 159 159 159 96 116 . . . . Total Orders 27 | . . . . . . . . . . . . . . . . . 4 . 1 . 1 . . . 2 12 1 . 2 1 3 . . . EXPLORE 9 | . . . . . . . . . . . . . . . . . 1 . . . 1 . . . 2 . . . 1 1 3 . . . RETURN 18 | . . . . . . . . . . . . . . . . . 3 . 1 . . . . . . 12 1 . 1 . . . . . Ally Attacks 445 | . . 2 7 . . . . 21 8 3 1 . . . 3 6 17 . 29 16 . . . . . 219 70 16 27 . . . . . Total Damage 10894 | . . 21 237 . . . . 250 129 54 55 . . . 58 75 411 . 488 347 . . . . . 4919 2291 548 1011 . . . . . Kills 66 | . . 1 2 . . . . 1 3 2 . . . . . . 7 . 3 1 . . . . . 27 10 4 5 . . . . . Allies Corrupted . | . . . . . . . . . . . . . . . . . . . . . . . . . . . . . . . . . . . Allies Melted . | . . . . . . . . . . . . . . . . . . . . . . . . . . . . . . . . . . . Intel | -11 -10 -10 -9 -9 -9 -8 -8 -8 -8 -8 -7 -7 -7 -7 -6 -6 -6 -6 -6 -5 -5 -5 -5 -4 -4 -4 -4 -4 -4 -3 -3 -2 -2 -2 ------- Run | Yrd Mat Min Mat Min Exi Min Mat Gar Mat Gar Fac Low Low Dat Pro Fac Gar Fac Gar Fac Upp Upp Zhi Pro Fac Ext Cet Arc Hub Res Tes Res Qua Sec Robot Analysis Total 12 | . 2 . 1 . . . 1 . 3 . . . . . . 1 . . . . . . 4 . . . . . . . . . . . Derelict Logs Recovered 7 | . . . . 1 . . . . . . . 2 . . . . . . . . 3 . . 1 . . . . . . . . . . Drone Launches 35 | . . . . . . . . . . . . . . . . . 6 . 3 . 1 . . . 2 16 2 . 1 1 3 . . . Drone Recoveries 27 | . . . . . . . . . . . . . . . . . 6 . 1 . . . . . 2 15 1 . 1 1 . . . . Exploration | -11 -10 -10 -9 -9 -9 -8 -8 -8 -8 -8 -7 -7 -7 -7 -6 -6 -6 -6 -6 -5 -5 -5 -5 -4 -4 -4 -4 -4 -4 -3 -3 -2 -2 -2 ------------- Run | Yrd Mat Min Mat Min Exi Min Mat Gar Mat Gar Fac Low Low Dat Pro Fac Gar Fac Gar Fac Upp Upp Zhi Pro Fac Ext Cet Arc Hub Res Tes Res Qua Sec Turns Passed 24385 | 124 1876 213 4177 409 854 1081 1078 1412 664 1922 374 224 195 26 237 1017 796 138 210 1054 513 267 91 161 395 1450 354 1212 119 1155 84 160 86 257 Spaces Moved 24500 | 76 805 79 1374 153 394 450 536 577 343 1081 895 744 624 76 625 2296 1078 323 239 1586 595 629 238 503 1151 1038 336 162 328 3036 337 636 352 805 Core 55 | 13 . . . . . . . . . . . . . . . . . . 21 1 2 . . . . . . . . . . . . 18 Treads 219 | . . . 77 . . . 4 113 . 25 . . . . . . . . . . . . . . . . . . . . . . . . Legs 267 | 63 204 . . . . . . . . . . . . . . . . . . . . . . . . . . . . . . . . . Wheels 5369 | . 601 79 1297 153 394 450 532 464 343 1056 . . . . . . . . . . . . . . . . . . . . . . . . Hover 4 | . . . . . . . . . . . . . . . . . . . . . . . . . . . . . . 4 . . . . Flight 18586 | . . . . . . . . . . . 895 744 624 76 625 2296 1078 323 218 1585 593 629 238 503 1151 1038 336 162 328 3032 337 636 352 787 Fastest Speed 17 | 50 120 200 140 215 215 190 175 135 135 135 25 25 28 28 28 23 23 23 26 32 28 28 28 28 26 25 25 25 25 21 17 20 17 20 Average Speed 68 | 108 170 200 214 215 215 208 180 165 135 152 25 26 28 28 28 23 26 24 45 51 46 28 28 28 26 75 70 25 29 26 20 20 19 26 Slowest Speed 480 | 120 200 200 480 215 215 215 480 325 135 330 104 28 28 28 28 28 91 26 200 200 400 28 28 28 29 117 105 25 32 280 21 20 24 50 Overloaded Moves 363 | . . . . . . . . . . . . . . . . . . . . . . . . . . . . . . . 39 . 97 227 Propulsion Burnouts 1 | . . . . . . . . . . . . . . . . . . . . . . . . . . . . . . . . . . 1 Robots Hopped 183 | . . . . . . . . . . . 23 1 3 . . 29 . . 2 15 . . . . 10 2 . . 5 26 5 12 17 33 Cave-ins Triggered . | . . . . . . . . . . . . . . . . . . . . . . . . . . . . . . . . . . . Teleports 1 | . . . . . . . . . . . . . . . . . . . . . . . . . . . . . . . . . . 1 Exploration Rate (%) 61 | 7 99 27 88 35 92 79 59 82 37 92 29 91 80 68 66 56 81 13 46 26 77 75 62 66 33 84 84 99 36 85 62 25 57 64 Regions Visited 34 Branch Regions 19 Pre-discovered Areas 6 | . 1 . . . 1 . . . . . . . . 1 . . . . . . . . 3 . . . . . . . . . . . Known Exits Taken 23 | . . . 1 . . . 1 . 1 . 1 1 1 1 1 1 . 1 . 1 1 1 1 1 1 1 1 1 1 1 1 1 . . Unknown Exits Taken 7 | 1 1 1 . 1 1 1 . . . . . . . . . . . . . . . . . . . . . . . . . . 1 . Scrap Searched 18 | . . 1 . . . . . . . . . 2 3 . 5 . . . . . 3 2 . 2 . . . . . . . . . . Spaces Dug 124 | . . . . 1 . 12 11 . 7 7 5 1 . . . 19 15 . 2 13 . 1 . 2 11 2 . . 5 4 . 3 1 2 Terrain Destroyed 559 | . . 13 127 1 . 32 11 74 7 22 5 1 . . . 19 179 . 24 13 . 1 . 2 11 2 . . 5 4 . 3 1 2 Melee 106 | . . . . 1 . . 9 . 7 7 5 1 . . . 15 15 . 2 13 . 1 . 2 11 2 . . 5 4 . 3 1 2 Projectile 6 | . . . . . . . 2 . . . . . . . . 4 . . . . . . . . . . . . . . . . . . AOE 447 | . . 13 127 . . 32 . 74 . 15 . . . . . . 164 . 22 . . . . . . . . . . . . . . . Terrain Rammed . | . . . . . . . . . . . . . . . . . . . . . . . . . . . . . . . . . . . Walls Destroyed . | . . . . . . . . . . . . . . . . . . . . . . . . . . . . . . . . . . . Machines Disabled . | . . . . . . . . . . . . . . . . . . . . . . . . . . . . . . . . . . . Actions | -11 -10 -10 -9 -9 -9 -8 -8 -8 -8 -8 -7 -7 -7 -7 -6 -6 -6 -6 -6 -5 -5 -5 -5 -4 -4 -4 -4 -4 -4 -3 -3 -2 -2 -2 --------- Run | Yrd Mat Min Mat Min Exi Min Mat Gar Mat Gar Fac Low Low Dat Pro Fac Gar Fac Gar Fac Upp Upp Zhi Pro Fac Ext Cet Arc Hub Res Tes Res Qua Sec Total 30342 | 99 1042 105 2040 230 400 576 620 944 514 1247 1010 764 640 80 685 2688 1498 376 314 1763 820 717 257 519 1186 1649 452 1310 337 3312 347 648 345 808 Wait 3912 | 2 62 . 232 72 . 107 24 211 127 40 70 15 18 5 51 320 281 28 24 65 208 84 . 15 2 419 105 1129 . 172 . 10 . 14 Move 24121 | 75 804 78 1373 152 393 449 535 576 342 1080 850 741 617 75 624 2238 1077 322 235 1555 594 628 237 502 1130 1033 335 161 318 2984 327 612 322 747 Hop 162 | . . . . . . . . . . . 21 1 3 . . 28 . . 1 15 . . . . 10 2 . . 4 25 4 11 12 25 Pick Up 156 | 6 19 2 34 1 1 . 7 17 1 5 7 . 1 . 1 6 2 . 1 9 2 2 1 . 1 2 2 . 1 18 2 2 1 2 Fast Attach 105 | 5 3 . 2 . . . 7 1 2 4 5 1 . . 2 2 5 1 1 6 2 1 7 . 5 8 2 4 1 21 1 3 2 1 Attach 71 | 2 . . 16 . 1 . 1 2 1 3 3 . . . . 2 6 1 6 8 2 . . . . 4 1 . 1 5 . 1 . 5 Detach 35 | . . . 1 . . . 1 1 . . 1 1 . . . . 7 . 5 5 1 . 1 . . 4 1 . 1 2 . . . 3 Swap 170 | . 8 4 25 2 . 4 7 27 7 12 9 4 . . 3 15 10 3 3 . 5 . 1 . 4 4 2 . 2 6 1 1 1 . Drop 180 | . 1 4 27 1 1 1 15 12 1 2 24 . . . 3 13 3 2 1 6 2 1 5 . 4 6 3 2 2 26 5 2 2 3 Fire 678 | 9 145 17 330 . . 15 9 7 1 13 10 . 1 . 1 32 25 7 12 6 . . 4 . 8 3 1 . 2 7 6 2 1 4 Melee 438 | . . . . 2 4 . 14 45 30 72 7 1 . . . 31 63 1 13 31 4 1 1 2 22 34 . 14 5 28 1 4 4 4 Ram 4 | . . . . . . . . . . . . . . . . 1 . . . 3 . . . . . . . . . . . . . . Kick . | . . . . . . . . . . . . . . . . . . . . . . . . . . . . . . . . . . . Crush . | . . . . . . . . . . . . . . . . . . . . . . . . . . . . . . . . . . . Escape Stasis 166 | . . . . . . . . 7 . 2 . . . . . . 18 11 10 54 . . . . . 46 . . . 18 . . . . Rewire 87 | . . . . . . . . . 2 . 3 . . . . . . . 1 . . . . . . 81 . . . . . . . . Trap 32 | . . . . . . . . 23 . 4 . . . . . . 1 . 1 . . . . . . 3 . . . . . . . . Miscellaneous 25 | . . . . . . . . 15 . 10 . . . . . . . . . . . . . . . . . . . . . . . . Route ------- -11/Scrapyard -10/Materials (discovered 5 exits: *Mat x3 / *Min x2) -10/Mines -9/Materials (discovered 2 exits: *Mat / *Min) -9/Mines (discovered 2 exits: *Mat / *Exi) -9/Exiles (discovered 2 exits: [*Min x2]) -8/Mines -8/Materials (discovered 3 exits: *Fac x2 / Gar) -8/Garrison (discovered 3 exits: *Mat x3) -8/Materials -8/Garrison (discovered 3 exits: *Fac x3) -7/Factory (discovered 2 exits: *Low x2) -7/Lower Caves -7/Lower Caves (discovered 2 exits: *Fac / *Dat) -7/Data Miner -6/Proximity Caves -6/Factory (discovered 6 exits: *Fac x2 / *Low x2 / Gar / Gar) -6/Garrison (discovered 3 exits: *Fac x3) -6/Factory (discovered 2 exits: *Low / Gar) -6/Garrison -5/Factory (discovered 3 exits: *Fac / *Upp x2) -5/Upper Caves -5/Upper Caves (discovered 2 exits: *Fac / *Zhi) -5/Zhirov -4/Proximity Caves -4/Factory (discovered 3 exits: Res / *Upp / *Ext) -4/Extension (discovered 2 exits: *Res / *Cet) -4/Cetus (discovered 2 exits: *Res / *Arc) -4/Archives (discovered 3 exits: *Res / *Hub x2) -4/Hub_04(d) (discovered 2 exits: *Res x2) -3/Research (discovered 5 exits: *Res x3 / *Tes x2) -3/Testing -2/Research (discovered 2 exits: *Qua x2) -2/Quarantine (discovered 2 exits: [*Acc] / [*Sec]) -2/Section 7 History --------- Turn | Location | Event 2 | -11/Scrapyard | Met Revision 17 59 | -11/Scrapyard | Discovered new exit (range 8) 125 | -11/Scrapyard | Entered Materials 140 | -10/Materials | Discovered new exit (range 15) 248 | -10/Materials | Discovered new exit (range 4) 316 | -10/Materials | Build established: Mutant 467 | -10/Materials | Discovered new exit (range 15) 692 | -10/Materials | Discovered new exit (range 4) 799 | -10/Materials | Central database locked down 1013 | -10/Materials | Discovered new exit (range 20) 1308 | -10/Materials | Build established: Scavenger-Mutant 2001 | -10/Materials | Entered Mines 2184 | -10/Mines | Discovered new exit (range 7) 2214 | -10/Mines | Entered Materials 2214 | -9/Materials | Accompanied by 1 ally 2214 | -9/Materials | Evolved 2 slots: Utility x2 2219 | -9/Materials | Led the pair of lost Derelicts to an unsafe place 2566 | -9/Materials | Destroyed 7 combat bots 2639 | -9/Materials | Lost 4 parts (1p2n1u) 2825 | -9/Materials | Identified exit to Mines 3349 | -9/Materials | Build established: Mutant 3773 | -9/Materials | Central database locked down 5022 | -9/Materials | Discovered new exit (range 18) 5414 | -9/Materials | First assault squad dispatched 5423 | -9/Materials | Core integrity fell below 50% 5861 | -9/Materials | Sterilization system engaged 5861 | -9/Materials | Non-combat units ordered to evacuate 5957 | -9/Materials | Destroyed 9 combat bots 5959 | -9/Materials | Lost 3 parts (1p1n1w) 5961 | -9/Materials | Combat units ordered to evacuate 6161 | -9/Materials | Ambient heat levels rising (+10) 6311 | -9/Materials | Ambient heat levels rising (+10) 6391 | -9/Materials | Entered Mines 6412 | -9/Mines | Assembled infested the area 6552 | -9/Mines | Learned 4 Materials zone layouts 6638 | -9/Mines | Discovered new exit (range 6) 6711 | -9/Mines | Received a Rocket Launcher from a helpful Derelict 6735 | -9/Mines | Build established: Scavenger-Mutant 6791 | -9/Mines | Discovered new exit (range 5) 6800 | -9/Mines | Entered Exiles 6828 | -9/Exiles | Discovered new exit (range 16) 6850 | -9/Exiles | Met 8R-AWN 6902 | -9/Exiles | Met EX-HEX 6981 | -9/Exiles | Met EX-DEC 7021 | -9/Exiles | Visited The Gauntlet 7262 | -9/Exiles | Learned location of Zion (-6) 7307 | -9/Exiles | Met EX-BIN 7352 | -9/Exiles | Aligned with FarCom system 7354 | -9/Exiles | Given EX-Vault access code 7438 | -9/Exiles | Opened EX-Vault 7453 | -9/Exiles | Found Longsword +1 7499 | -9/Exiles | Warned to stay clear of 0b10 Research branches 7637 | -9/Exiles | Discovered new exit (range 10) 7654 | -9/Exiles | Left Exiles lab with Longsword +1 7654 | -9/Exiles | Entered Mines 7947 | -8/Mines | Build established: Scavenger-Assassin 8722 | -8/Mines | Discovered new exit (range 8) 8735 | -8/Mines | Entered Materials 8735 | -8/Materials | Evolved 2 slots: Propulsion x2 9141 | -8/Materials | Identified exit to Garrison 9280 | -8/Materials | Met 7R-MNS 9383 | -8/Materials | Discovered new exit (range 7) 9552 | -8/Materials | Discovered new exit (range 18) 9813 | -8/Materials | Entered Garrison 9836 | -8/Garrison | Installed Relay Interface Framework 9865 | -8/Garrison | Phase Generator disabled 9951 | -8/Garrison | Triggered checkpoint 10018 | -8/Garrison | Learned Materials security intel 10063 | -8/Garrison | Garrison Relay disabled 10161 | -8/Garrison | Triggered checkpoint 10383 | -8/Garrison | Triggered checkpoint 10489 | -8/Garrison | Discovered new exit (range 8) 10516 | -8/Garrison | Discovered new exit (range 59) 10516 | -8/Garrison | Discovered new exit (range 14) 10516 | -8/Garrison | Discovered new exit (range 70) 10531 | -8/Garrison | Triggered checkpoint 10626 | -8/Garrison | Garrison Relay disabled 10780 | -8/Garrison | Lost 3 allies 10787 | -8/Garrison | Triggered checkpoint 10877 | -8/Garrison | Triggered checkpoint 10921 | -8/Garrison | Garrison Relay disabled 11071 | -8/Garrison | Garrison Relay disabled 11120 | -8/Garrison | Garrison Relay disabled 11225 | -8/Garrison | Entered Materials 11414 | -8/Materials | Build established: Bothacker-Assassin 11775 | -8/Materials | Identified exit to Garrison 11814 | -8/Materials | Central database locked down 11889 | -8/Materials | Entered Garrison 11889 | -8/Garrison | Accompanied by 1 ally 12011 | -8/Garrison | Triggered checkpoint 12023 | -8/Garrison | Garrison Relay disabled 12123 | -8/Garrison | Triggered checkpoint 12186 | -8/Garrison | Build established: Bothacker-Mutant 12269 | -8/Garrison | Discovered new exit (range 10) 12411 | -8/Garrison | Triggered checkpoint 12444 | -8/Garrison | Garrison Relay disabled 12497 | -8/Garrison | Destroyed 9 combat bots 12499 | -8/Garrison | Lost 4 parts (1p1n2w) 12850 | -8/Garrison | Build established: Scavenger-Mutant 12978 | -8/Garrison | Hacking Suite fried by hacking feedback 13009 | -8/Garrison | Triggered checkpoint 13085 | -8/Garrison | Garrison Relay disabled 13172 | -8/Garrison | Discovered new exit (range 15) 13179 | -8/Garrison | Triggered checkpoint 13328 | -8/Garrison | Triggered checkpoint 13346 | -8/Garrison | Core integrity fell below 50% 13446 | -8/Garrison | Garrison Relay disabled 13487 | -8/Garrison | Discovered new exit (range 11) 13499 | -8/Garrison | Expanded RIF knowledge: Zone Cloak 13811 | -8/Garrison | Entered Factory 13811 | -7/Factory | Evolved 2 slots: Propulsion x1, Utility x1 13890 | -7/Factory | Identified exit to Lower Caves 14112 | -7/Factory | Repaired Cesium-ion Thruster 14185 | -7/Factory | Entered Lower Caves 14185 | -7/Lower Caves | Accompanied by 1 ally 14186 | -7/Lower Caves | Encountered a Warlord checkpoint 14200 | -7/Lower Caves | Learned Factory garrison access intel 14265 | -7/Lower Caves | Learned 8 Factory zone layouts 14379 | -7/Lower Caves | Discovered new exit (range 16) 14405 | -7/Lower Caves | Identified exit to Lower Caves 14409 | -7/Lower Caves | Entered another Lower Caves area 14409 | -7/Lower Caves | Accompanied by 1 ally 14429 | -7/Lower Caves | Build established: Bothacker-Scout 14433 | -7/Lower Caves | Discovered new exit (range 8) 14503 | -7/Lower Caves | Discovered new exit (range 13) 14586 | -7/Lower Caves | Identified exit to Data Miner 14604 | -7/Lower Caves | Entered Data Miner 14604 | -7/Data Miner | Accompanied by 1 ally 14604 | -7/Data Miner | Discovered new exit (range 6) 14610 | -7/Data Miner | Met Data Miner 14615 | -7/Data Miner | Learned location of Section 7 (-2) 14615 | -7/Data Miner | Acquired the access code to Warlord's prototype stash 14619 | -7/Data Miner | Received God Mode back door access code from Data Miner 14625 | -7/Data Miner | Identified exit to Proximity Caves 14630 | -7/Data Miner | Entered Proximity Caves 14630 | -6/Proximity Caves | Accompanied by 1 ally 14640 | -6/Proximity Caves | Spotted B-75 Beast 14835 | -6/Proximity Caves | Discovered new exit (range 4) 14836 | -6/Proximity Caves | Identified exit to Factory 14867 | -6/Proximity Caves | Entered Factory 14867 | -6/Factory | Evolved 2 slots: Utility x2 14868 | -6/Factory | Identified exit to Factory 14869 | -6/Factory | Loaded intel: 4 garrison access locations 15066 | -6/Factory | Fabricated Combat Drone Bay? 15334 | -6/Factory | Found Rocket Array 15336 | -6/Factory | Discovered exit to Factory (range 7) 15373 | -6/Factory | Discovered new exit (range 9) 15437 | -6/Factory | Identified exit to Garrison 15474 | -6/Factory | Identified exit to Garrison 15521 | -6/Factory | Discovered new exit (range 18) 15527 | -6/Factory | Identified exit to Lower Caves 15563 | -6/Factory | Spotted B-75 Beast 15729 | -6/Factory | Fabricated Combat Drone Bay (x1) 15884 | -6/Factory | Entered Garrison 16062 | -6/Garrison | System corruption reached 10% 16086 | -6/Garrison | Triggered checkpoint 16102 | -6/Garrison | Discovered new exit (range 21) 16122 | -6/Garrison | Garrison Relay disabled 16126 | -6/Garrison | Triggered checkpoint 16184 | -6/Garrison | Triggered checkpoint 16185 | -6/Garrison | Discovered new exit (range 8) 16279 | -6/Garrison | Garrison Relay disabled 16342 | -6/Garrison | Spotted B-75 Beast 16416 | -6/Garrison | Identified exit to Factory 16425 | -6/Garrison | Destroyed B-75 Beast 16614 | -6/Garrison | Found Relay Coupler [Proto] 16653 | -6/Garrison | Discovered exit to Factory (range 10) 16660 | -6/Garrison | Expanded RIF knowledge: Alert ID Control 16680 | -6/Garrison | Entered Factory 16690 | -6/Factory | Discovered exit to Lower Caves (range 16) 16786 | -6/Factory | Identified exit to Garrison 16818 | -6/Factory | Entered Garrison 16818 | -6/Garrison | Accompanied by 1 ally 16838 | -6/Garrison | Garrison Relay disabled 16856 | -6/Garrison | Triggered checkpoint 16932 | -6/Garrison | Triggered checkpoint 16932 | -6/Garrison | Triggered checkpoint 16934 | -6/Garrison | Triggered checkpoint 16934 | -6/Garrison | Triggered checkpoint 16958 | -6/Garrison | Lost 4 allies 16963 | -6/Garrison | Destroyed 8 combat bots 16973 | -6/Garrison | Lost 7 parts (1p3n3w) 17022 | -6/Garrison | Discovered exit to Factory (range 10) 17025 | -6/Garrison | Core integrity fell below 50% 17028 | -6/Garrison | Entered Factory 17028 | -5/Factory | Evolved 2 slots: Power x1, Propulsion x1 17186 | -5/Factory | Build established: Mutant 17328 | -5/Factory | Search patrols dispatched 17490 | -5/Factory | Build established: Bothacker-Mutant 17506 | -5/Factory | Found Unknown Device 17506 | -5/Factory | Identified Launcher Loader 17643 | -5/Factory | Incoming investigation squad redirected 17693 | -5/Factory | Fabricated Combat Drone Bay? 17780 | -5/Factory | Discovered new exit (range 5) 17866 | -5/Factory | Identified exit to Factory 17870 | -5/Factory | Lost 3 allies 18032 | -5/Factory | Identified exit to Upper Caves 18082 | -5/Factory | Entered Upper Caves 18083 | -5/Upper Caves | Encountered a Warlord checkpoint 18135 | -5/Upper Caves | Learned Factory trap positions 18156 | -5/Upper Caves | Learned location of 1 exit from Factory 18347 | -5/Upper Caves | Learned 4 Factory zone layouts 18542 | -5/Upper Caves | Discovered new exit (range 16) 18594 | -5/Upper Caves | Identified exit to Upper Caves 18595 | -5/Upper Caves | Entered another Upper Caves area 18615 | -5/Upper Caves | Discovered exit to Factory (range 15) 18836 | -5/Upper Caves | Attracted the attention of an 0b10 checkpoint 18861 | -5/Upper Caves | Discovered new exit (range 5) 18862 | -5/Upper Caves | Identified exit to Zhirov 18862 | -5/Upper Caves | Entered Zhirov 18862 | -5/Zhirov | Discovered new exit (range 3) 18868 | -5/Zhirov | Met Zhirov 18879 | -5/Zhirov | Learned location of Quarantine (-2) 18879 | -5/Zhirov | Learned location of Testing (-3) 18879 | -5/Zhirov | Learned location of Command (-1) 18884 | -5/Zhirov | Zhirov requested help retrieving the SGEMP Prototype 18890 | -5/Zhirov | Found Alien Artifact 18895 | -5/Zhirov | Found Alien Artifact 18895 | -5/Zhirov | Identified Integrated Reactor 18895 | -5/Zhirov | Installed Integrated Reactor, increased core energy generation (+10) 18929 | -5/Zhirov | Identified exit to Proximity Caves 18953 | -5/Zhirov | Entered Proximity Caves 19017 | -4/Proximity Caves | Spotted B-86 Titan 19031 | -4/Proximity Caves | Spotter reported a threat 19031 | -4/Proximity Caves | Spotter reported a threat 19114 | -4/Proximity Caves | Entered Factory 19114 | -4/Factory | Evolved 2 slots: Utility x2 19115 | -4/Factory | Identified exit to Research 19117 | -4/Factory | Loaded intel: 93 trap records 19164 | -4/Factory | Discovered new exit (range 6) 19165 | -4/Factory | Identified exit to Extension 19247 | -4/Factory | Build established: Trapper-Scout 19364 | -4/Factory | Search patrols dispatched 19405 | -4/Factory | Discovered new exit (range 16) 19409 | -4/Factory | Identified exit to Upper Caves 19509 | -4/Factory | Entered Extension 19636 | -4/Extension | Rescued a captive Derelict 19636 | -4/Extension | Rescued a captive Derelict 19759 | -4/Extension | Search patrols dispatched 19848 | -4/Extension | Lost 3 parts (2n1u) 19860 | -4/Extension | Build established: Scout 20092 | -4/Extension | Rescued A7 20187 | -4/Extension | Build established: Mutant 20226 | -4/Extension | Rescued a captive Derelict 20227 | -4/Extension | Rescued a captive Derelict 20237 | -4/Extension | Rescued a captive Derelict 20238 | -4/Extension | Rescued a captive Derelict 20412 | -4/Extension | Allies destroyed B-86 Titan 20476 | -4/Extension | Allies destroyed B-86 Titan 20900 | -4/Extension | Rescued a captive Derelict 20912 | -4/Extension | Discovered exit to Research (range 10) 20912 | -4/Extension | Discovered new exit (range 6) 20914 | -4/Extension | Identified exit to Cetus 20959 | -4/Extension | Entered Cetus 20959 | -4/Cetus | Accompanied by 14 allies (A7) 20964 | -4/Cetus | Acquired a Cetus Manufacturing Module code from A7 20972 | -4/Cetus | Spotted Cetus Guard 20973 | -4/Cetus | Spotted Cetus Guard 20973 | -4/Cetus | Spotted Cetus Guard 20976 | -4/Cetus | Spotted Cetus Guard 20986 | -4/Cetus | Allies destroyed Cetus Guard 20990 | -4/Cetus | Allies destroyed Cetus Guard 20991 | -4/Cetus | Allies destroyed Cetus Guard 21019 | -4/Cetus | Lost 4 allies 21052 | -4/Cetus | Started Cetus Manufacturing Module 21077 | -4/Cetus | Manufactured an Enhanced Grunt 21102 | -4/Cetus | Manufactured an Enhanced Grunt 21127 | -4/Cetus | Manufactured an Enhanced Grunt 21152 | -4/Cetus | Manufactured an Enhanced Grunt 21177 | -4/Cetus | Manufactured an Enhanced Grunt 21193 | -4/Cetus | Discovered new exit (range 15) 21212 | -4/Cetus | Spotted Cetus Guard 21212 | -4/Cetus | Spotted Cetus Guard 21215 | -4/Cetus | Spotted Cetus Guard 21215 | -4/Cetus | Spotted Cetus Guard 21215 | -4/Cetus | Discovered exit to Research (range 21) 21220 | -4/Cetus | Allies destroyed Cetus Guard 21225 | -4/Cetus | Allies destroyed Cetus Guard 21229 | -4/Cetus | Allies destroyed Cetus Guard 21232 | -4/Cetus | Allies destroyed Cetus Guard 21237 | -4/Cetus | Met Revision 17 21262 | -4/Cetus | Escorted A7 to Cetus Mainframe 21263 | -4/Cetus | Lost 4 allies 21290 | -4/Cetus | Identified exit to Archives 21313 | -4/Cetus | Entered Archives 21313 | -4/Archives | Accompanied by 12 allies (A7) 21320 | -4/Archives | Received a hacking code to weaken MAIN.C 21373 | -4/Archives | Discovered new exit (range 14) 21387 | -4/Archives | Discovered exit to Research (range 13) 21402 | -4/Archives | Discovered new exit (range 13) 21410 | -4/Archives | Identified exit to Hub_04(d) 21637 | -4/Archives | Build established: Scavenger-Sprinter 22525 | -4/Archives | Entered Hub_04(d) 22525 | -4/Hub_04(d) | Accompanied by 11 allies 22530 | -4/Hub_04(d) | Discovered exit to Research (range 26) 22545 | -4/Hub_04(d) | Discovered exit to Research (range 16) 22644 | -4/Hub_04(d) | Entered Research 22644 | -3/Research | Evolved 2 slots: Utility x2 22674 | -3/Research | Lost 3 allies 22844 | -3/Research | Revision forces began assault on 0b10 22854 | -3/Research | Met up with Revision 17++ 23045 | -3/Research | Identified exit to Testing 23080 | -3/Research | Imp. Hacking Suite fried by hacking feedback 23126 | -3/Research | Discovered new exit (range 5) 23128 | -3/Research | Identified exit to Research 23129 | -3/Research | Spotted B-86 Titan 23277 | -3/Research | Build established: Bothacker-Ninja 23282 | -3/Research | Discovered exit to Research (range 10) 23303 | -3/Research | Central database locked down 23344 | -3/Research | Research terminal network offline 23375 | -3/Research | Repaired Med. Storage Unit 23408 | -3/Research | Discovered exit to Research (range 10) 23416 | -3/Research | Lost 4 allies 23542 | -3/Research | Fabricated Assault Drone Bay? 23550 | -3/Research | Spotted B-86 Titan 23607 | -3/Research | Found Prototype Launcher 23786 | -3/Research | Spotted Executioner 23799 | -3/Research | Entered Testing 23800 | -3/Testing | Maximum security lockdown engaged 23830 | -3/Testing | Discovered exit to Research (range 6) 23845 | -3/Testing | Found Prototype Energy Cannon 23855 | -3/Testing | Spotted Striker 23855 | -3/Testing | Spotted Striker 23859 | -3/Testing | Spotted Alpha 7 23866 | -3/Testing | Stole the SGEMP Prototype 23883 | -3/Testing | Entered Research 23883 | -2/Research | Evolved 2 slots: Utility x2 23989 | -2/Research | Identified exit to Quarantine 24043 | -2/Research | Entered Quarantine 24044 | -2/Quarantine | Maximum security lockdown engaged 24052 | -2/Quarantine | Found Alien Artifact 24063 | -2/Quarantine | Cryocooling Duct disabled 24074 | -2/Quarantine | Found Alien Artifact 24074 | -2/Quarantine | Identified Terrabomb 24074 | -2/Quarantine | Used Terrabomb 24078 | -2/Quarantine | Ambient heat levels rising (+20) 24091 | -2/Quarantine | Discovered new exit (range 15) 24113 | -2/Quarantine | Spotted Fortress 24128 | -2/Quarantine | Discovered new exit (range 6) 24129 | -2/Quarantine | Entered Section 7 24130 | -2/Section 7 | Maximum security lockdown engaged 24149 | -2/Section 7 | Found Alien Artifact 24151 | -2/Section 7 | Spotted Alpha 7 24154 | -2/Section 7 | Spotted Alpha 7 24159 | -2/Section 7 | Spotted B-99 Colossus 24171 | -2/Section 7 | Found Alien Artifact 24235 | -2/Section 7 | Spotted B-90 Cyclops 24283 | -2/Section 7 | Spotted S7 Guard 24285 | -2/Section 7 | Identified Phase Armor 24306 | -2/Section 7 | Spotted Striker 24306 | -2/Section 7 | Spotted Executioner 24327 | -2/Section 7 | Identified Transdimensional Reconstructor 24327 | -2/Section 7 | Warped through subspace 24335 | -2/Section 7 | Identified Integrity Redistributor 24335 | -2/Section 7 | Used Integrity Redistributor, redistributed integrity from core (-59) 24336 | -2/Section 7 | Core integrity fell below 50% 24336 | -2/Section 7 | Identified Core Expander 24336 | -2/Section 7 | Installed Core Expander, added new Propulsion slot 24347 | -2/Section 7 | Spotted Executioner 24347 | -2/Section 7 | Spotted Executioner 24347 | -2/Section 7 | Identified Imp. Potential Cannon 24360 | -2/Section 7 | Lost 8 parts (1p3n4u) 24363 | -2/Section 7 | Spotted Striker 24378 | -2/Section 7 | Core integrity fell below 20% 24386 | -2/Section 7 | Destroyed by H-81 Overseer with Heavy Linear Accelerator Last Messages --------------- 24369_ Terminal x1 24370_ ALERT: Suspicious intruders detected, dispatching Cutter reinforcements to area. 24375_ Impulse Thruster Array destroyed. 24375_ Exp. Optical Array destroyed. 24375_ Knocked back. 24375_ Dropped Phase Armor. 24376_ Acquired 9 matter. 24376_ Penetrated by Slug. 24376_ Knocked back. 24378_ Relay Coupler [NC] destroyed. 24378_ Knocked back. 24382_ Machine Analyzer destroyed. 24382_ Critical hit (Blast). 24382_ Knocked back. 24386_ Slug penetrates Wall. [Achievement: First Step to Greatness] [Achievement: 30k Club] [Achievement: This Is Interesting...] [Achievement: Achiever] Map ----- +----------------------------------------------------+ | | | | | | | | | | | | | | | ?????????????????????????????????????????????????? | | ?????????????????????????????????????????????????? | | ?"""?????????????????????????????????????????????? | | ?"""?????????????????????????????????????????????? | | ??R"?????????????????????????????????????????????? | | ?"""???????????????""??????????????????????####### | | ???????????????????""??????????????????????#"""""" | | ####???????????""??????????????????????#" | | ########????????????T??????????????????????#" | | ???????????""???????######?????????#" | | ?? ????????????""???????# #########T# | | """ ????????????""???????# % " | | """ ????????????????# ??" | | """ ######????????????????# H #?????????# | | ##BB#### ##########; ##??????????" | | """ ##BB######+#### ; #???????????" | | """ # # #???????????" | | """ # + +???????????" | | #// @ ; %#???????????" | | """ """ #// # K#???????????" | | """ """ #/ # %/ ?????????" | | """ """ ##########! #? "???????" | | ########## #???""??????" | | """ """ % #???????????" | | """ """ p #???????????" | | """ """ #???????????" | | w ^ h#???????????" | | """ ########### l#???????????" | | """ c # # g########????" | | ###### """ c + """ """ # l# #????" | | ##### ##### """ """ # # "" #????" | | ##?## """ ##### """ """ + 7+ """#????" | | ##?## """ ##### # 7# T"#????" | | ##?## """ ##### * " h# """#????" | | !##### + ! # + "" #??##" | | !##### """ ##### # # #??##" | | ! #### """ ############### "!! #??## | | ##### """ ##?############ #!! #??##" | | +##### ##?## # #!! #??##"" | | """ ##?## # # #??##""" | | """ ""##?## """"""" # # #####""" | | ##### """ ""##?## """"""" # ## #########""" | | ##### ""##?## """ # ########## # | +----------------------------------------------------+ Best States ------------- Heat Dissipation 68 Energy Generation 47 Energy Capacity 280 Matter Stores 300 Matter Capacity 300 Sight Range 23 Robot Scan Range 16 Terrain Scan Range 24 Terrain Scan Density 10 Cloak Strength 2 Armor Coverage 600 Evasion (%) 78 Recoil Reduction 3 Offensive Hacking 24 Defensive Hacking 14 Relay Coupler Types 6 Relay Coupler Value 95 Authchip Count 1 Trap Extractor Capacity 8 Item Schematics ----------------- Adv. Terrain Scan Processor | -7/Factory | Hacked Combat Drone Bay | -7/Data Miner | Free Lgt. Regenerative Plating | -7/Data Miner | Free Cld. Cesium-ion Thruster | -7/Data Miner | Free Exp. Propulsion Shielding | -7/Data Miner | Free Prc. Rocket Launcher | -7/Data Miner | Free Linear Gravjet | -7/Data Miner | Free Adv. Hacking Suite | -7/Data Miner | Free Tesla Rifle | -7/Data Miner | Free Recoil Nullifier | -7/Data Miner | Free Imp. Trap Scanner | -7/Data Miner | Free Myomer Leg | -7/Data Miner | Free Assault Drone Bay | -5/Zhirov | Free Exp. Optical Array | -5/Zhirov | Free Exp. Heat Sink | -5/Zhirov | Free Imp. Arc Thrower | -5/Zhirov | Free Robot Schematics ------------------ W-25 Informer | -7/Data Miner | Free M-28 Smith | -7/Data Miner | Free D-53 Grenadier | -7/Data Miner | Free R-10 Processor | -7/Data Miner | Free I-36 Angel | -7/Data Miner | Free Y-64 Sentinel | -7/Data Miner | Free B-48 Gladiator | -7/Data Miner | Free Fabricated ------------ Combat Drone Bay | x1 | -6/Factory Combat Drone Bay | x1 | -6/Factory Combat Drone Bay | x1 | -5/Factory Assault Drone Bay | x1 | -3/Research Alien Tech Used ----------------- Integrated Reactor Terrabomb Phase Armor Transdimensional Reconstructor Integrity Redistributor Core Expander Achievements -------------- 30k Club Achiever Assimilation Complete Backstab Cya! Error 47 Everything Is Under Control First Step to Greatness Hehehe Hey, That's Mine! Hunted Infiltrator Let's See Who's Tougher Main Advantage Maybe Next Time I'll Detach My Launcher Nope Part-time Mechanic Project G-00 Quick And Dirty Remodeling Revising The Future Revolutionary Research Significant Disruption Storm Trooper Subspace Traveler System Compromised The Science Guy This Is Interesting... Universal Adapter Watch This! Challenges ------------ None Game ------ Seed ReactiveGunTorch Manual? 0 Play Time 10:25:03 Cumulative 16.9 hours Start 2024.04.16 @ 22:00:32 End 2024.04.17 @ 11:24:40 Sessions 7 Manual Loads 0 Difficulty Rogue Special Mode None Game No. 2 Rogue 2 Adventurer 0 Explorer 0 Win Type - Total 1 Types 0/0/0/1/0/0/0/0/0 Lore% 25 Gallery% 21 Achievement% 31 Wizard Run 0 Options --------- Layout 0 ASCII 0 Keyboard 1 Movement Arrows Keybinds 0 Fullscreen 1 Font 12/Smallcaps Map View 83x54 Zoom Use 0% Tactical HUD 1 Map Filters NONE Filters NONE Steam 0 RUN: b01b1623-4e1a-4a76-a4fe-efa9a11322f0